 Dungeon Crawl Stone Soup version 0.31-a0-889-g1a8549509d (webtiles) character file.

Game seed: 13307894205501748889

1555937 MackTheKnife the Stormcaller (level 26, 257/257 HPs)
             Began as a White Draconian Hedge Wizard on Oct 15, 2023.
             Was the Champion of Ashenzari.
             Escaped with the Orb
             ... and 3 runes on Oct 16, 2023!
             The game lasted 03:11:40 (79905 turns).

MackTheKnife the Stormcaller (DrHW)                Turns: 79905, Time: 03:11:41

Health: 257/257    AC: 25    Str: 17    XL:     26   Next: 24%
Magic:  49/49      EV: 25    Int: 26    God:    Ashenzari [******]
Gold:   6094       SH: 19    Dex: 18    Spells: 18/70 levels left

rFire   + + +        Q - +3 Elemental Staff {ele, rElec rF+ rC+ AC+3, Bglg, Self} (curse)
rCold   + + .        v - +3 kite shield of the Eye in the Sky {reflect, Cun, Fort} (curse)
rNeg    . . .        (body armour unavailable)
rPois   +            b - +2 hat "Shackled With Me" {Self, Fort} (curse)
rElec   +            Z - +2 cloak of the Lashed Seer {Will+, Alch, Elem} (curse)
rCorr   .            r - +2 pair of gloves "Lashed Failure" {Will+ Int+3, Self, Dev} (curse)
SInv    +            L - +1 pair of boots "Manifest Sorrow" {Comp, Elem} (curse)
Will    +++..        y - amulet of the Lashed Comet {RegenMP rElec rF+ Dex+2, Self, Elem} (curse)
Stlth   +++          C - ring "Overhang to Understand" {Wiz rElec rPois rF+, Self, Range} (curse)
HPRegen 0.62/turn    K - ring of the Chained Comet {Int+6 Stlth+, Elem, Cun} (curse)
MPRegen 0.71/turn

%: reflection, clarity, wizardry (x1)
@: maw-form, studying Unarmed Combat
A: devouring maw, breathe frost, AC +12, unfitting armour, cold resistance 1,
cold-blooded, dopey 1, strong 1
0: Orb of Zot
}: 3/15 runes: barnacled, silver, gossamer
a: Breathe Frost, Begin Untransformation, Renounce Religion, Shatter the Chains


You escaped.
You worshipped Ashenzari.
Ashenzari was exalted by your worship.
You were a creature with a mouth for a stomach.
You visited 10 branches of the dungeon, and saw 50 of its levels.
You also visited: Wizlab.

You collected 9767 gold pieces.
You spent 3673 gold pieces at shops.


Innate Abilities, Weirdness & Mutations

You are a creature with a mouth for a stomach.
Your midsection houses a second, enormous mouth.
You can breathe waves of freezing cold which knock back foes.
Your icy white scales are hard. (AC +12)
You cannot fit into any form of body armour.
Your flesh is cold resistant. (rC+)
You are cold-blooded and may be slowed by cold attacks.
You are dopey. (Int -2)
Your muscles are strong. (Str +4, Int/Dex -1)


   Skills:
 - Level 18.4(24.8) Fighting
 - Level 12.6 Short Blades
 - Level 11.0 Staves
 - Level 17.3(20.7) Dodging
 - Level 12.3(15.8) Stealth
 - Level 16.5(20.0) Shields
 + Level 16.0(22.5) Spellcasting
 - Level 10.8(13.2) Conjurations
 - Level 3.0(5.1) Hexes
 - Level 12.1(14.5) Summonings
 - Level 7.7(10.3) Necromancy
 - Level 1.0(2.4) Translocations
 - Level 3.8(8.7) Fire Magic
 - Level 5.9(11.3) Ice Magic
 - Level 19.5(24.9) Air Magic
 - Level 1.2(2.8) Poison Magic
 - Level 11.0(13.4) Evocations
 - Level 10.0(12.4) Shapeshifting


You had 18 spell levels left.
You knew the following spells:

 Your Spells              Type           Power      Damage    Failure   Level
a - Passage of Golubria   Tloc           41%        N/A       2%          4
c - Blink                 Tloc           82%        N/A       1%          2
f - Summon Lightning Spi  Summ/Air       100%       N/A       0%          4
g - Airstrike             Air            63%        2d(9-25)  0%          4
h - Sublimation of Blood  Necr           70%        N/A       1%          2
i - Maxwell's Capacitive  Air            63%        ∞         1%          8
j - Freezing Cloud        Conj/Ice/Air   65%        6-21      1%          5
k - Plasma Beam           Fire/Air       66%        2x1d82    1%          6
l - Death Channel         Necr           35%        N/A       1%          6
m - Spellforged Servitor  Conj/Summ      39%        N/A       1%          7
n - Animate Dead          Necr           70%        N/A       1%          4

Your spell library contained the following spells:

 Spells                   Type           Power      Damage    Failure   Level
 Freeze                   Ice            100%       1d10      0%          1
 Magic Dart               Conj           100%       1d8       0%          1
 Shock                    Conj/Air       100%       1d9       0%          1
 Summon Small Mammal      Summ           100%       N/A       0%          1
 Call Imp                 Summ           100%       N/A       0%          2
 Cigotuvi's Dreadful Rot  Necr/Pois/Air  100%       N/A       0%          2
 Poisonous Vapours        Pois/Air       100%       N/A       0%          2
 Static Discharge         Conj/Air       100%       2-7/arc   0%          2
 Call Canine Familiar     Summ           81%        N/A       0%          3
 Mephitic Cloud           Conj/Pois/Air  100%       N/A       0%          3
 Swiftness                Air            100%       N/A       0%          3
 Arcjolt                  Conj/Air       56%        1d66      0%          5
 Slow                     Hex            100%       N/A       1%          1
 Sting                    Tmut/Pois      100%       1d8       1%          1
 Ensorcelled Hibernation  Hex/Ice        100%       N/A       1%          2
 Jinxbite                 Hex            100%       N/A       1%          2
 Lesser Beckoning         Tloc           82%        N/A       1%          2
 Passwall                 Tmut/Erth      40%        N/A       1%          2
 Wereblood                Tmut           30%        N/A       1%          2
 Confusing Touch          Hex            54%        N/A       1%          3
 Dazzling Flash           Conj/Hex       100%       N/A       1%          3
 Frozen Ramparts          Ice            100%       1d16      1%          3
 Gell's Gravitas          Tloc           41%        N/A       1%          3
 Hailstorm                Conj/Ice       96%        3d19      1%          3
 Ignite Poison            Fire/Tmut/Pois 66%        N/A       1%          3
 Inner Flame              Hex/Fire       78%        N/A       1%          3
 Ozocubu's Armour         Ice            93%        N/A       1%          3
 Sigil of Binding         Hex            54%        N/A       1%          3
 Stone Arrow              Conj/Erth      100%       3d13      1%          3
 Summon Guardian Golem    Hex/Summ       69%        N/A       1%          3
 Teleport Other           Tloc           41%        N/A       1%          3
 Tukima's Dance           Hex            54%        N/A       1%          3
 Vampiric Draining        Necr           70%        2d11      1%          3
 Volatile Blastmotes      Fire/Tloc      100%       2d18      1%          3
 Anguish                  Hex/Necr       31%        N/A       1%          4
 Dimensional Bullseye     Hex/Tloc       24%        N/A       1%          4
 Dispel Undead            Necr           70%        3d24      1%          4
 Flame Wave               Conj/Fire      92%        2d19      1%          4
 Fulminant Prism          Conj/Hex       33%        3d15      1%          4
 Leda's Liquefaction      Hex/Erth       30%        N/A       1%          4
 Sticky Flame             Conj/Fire      92%        2d10      1%          4
 Summon Ice Beast         Ice/Summ       98%        N/A       1%          4
 Vhi's Electric Charge    Tloc/Air       100%       N/A       1%          4
 Agony                    Necr           70%        N/A       1%          5
 Borgnjor's Vile Clutch   Necr/Erth      36%        N/A       1%          5
 Fireball                 Conj/Fire      46%        3d18      1%          5
 Irradiate                Conj/Tmut      29%        3d21      1%          5
 Metabolic Englaciation   Hex/Ice        41%        N/A       1%          5
 Silence                  Hex/Air        51%        N/A       1%          5
 Summon Mana Viper        Hex/Summ       69%        N/A       1%          5
 Conjure Ball Lightning   Conj/Air       56%        3x3d20    1%          6
 Simulacrum               Ice/Necr       45%        N/A       1%          6
 Starburst                Conj/Fire      46%        6d13      1%          6
 Monstrous Menagerie      Summ           40%        N/A       1%          7
 Manifold Assault         Tloc           41%        N/A       2%          4
 Olgreb's Toxic Radiance  Pois           43%        N/A       2%          4
 Orb of Destruction       Conj           39%        9d11      2%          7
 Petrify                  Tmut/Erth      48%        N/A       5%          4
 Yara's Violent Unravell  Hex/Tmut       21%        3d10      6%          5
 Bombard                  Conj/Erth      39%        9d7       6%          6
 Lee's Rapid Deconstruct  Erth           25%        3d14*     13%         5
 Dispersal                Tloc           20%        N/A       34%         6
 Enfeeble                 Hex            27%        N/A       54%         7
 Ignition                 Fire           42%        3d12      73%         8
 Discord                  Hex            27%        N/A       99%         8
 Disjunction              Tloc           20%        N/A       100%        8

Inventory:

Hand Weapons
 Q - the cursed +3 Elemental Staff (weapon) {ele, rElec rF+ rC+ AC+3, Bglg, Self}
   (You found it on level 3 of the Shoals)

   AC+3:      It affects your AC (+3).
   rF+:       It protects you from fire.
   rC+:       It protects you from cold.
   rElec:     It insulates you from electricity.
   It has a curse which improves the following skills: Beguiling: Conjurations,
   Hexes and Translocations.
   Introspection: Fighting and Spellcasting.
Armour
 b - the cursed +2 hat "Shackled With Me" (worn) {Self, Fort}

   It has a curse which improves the following skills: Introspection: Fighting
   and Spellcasting.
   Fortitude: Shields.
 r - the cursed +2 pair of gloves "Lashed Failure" (worn) {Will+ Int+3, Self, Dev}
   (You found it on level 5 of the Vaults)

   Int+3:     It affects your intelligence (+3).
   Will+:     It increases your willpower.
   It has a curse which improves the following skills: Introspection: Fighting
   and Spellcasting.
   Devices:   Evocations and Shapeshifting.
 v - the cursed +3 kite shield of the Eye in the Sky (worn) {reflect, Cun, Fort}
   (You took it off Donald on level 1 of the Spider Nest)

   It has a curse which improves the following skills: Cunning: Dodging and
   Stealth.
   Fortitude: Shields.
 L - the cursed +1 pair of boots "Manifest Sorrow" (worn) {Comp, Elem}
   (You found it on level 4 of the Lair of Beasts)

   It has a curse which improves the following skills: Companions: Summonings
   and Necromancy.
   Elements:  Fire Magic, Ice Magic, Air Magic and Earth Magic.
 Z - the cursed +2 cloak of the Lashed Seer (worn) {Will+, Alch, Elem}
   (You found it in a wizard's laboratory)

   It has a curse which improves the following skills: Alchemy: Poison Magic and
   Transmutations.
   Elements:  Fire Magic, Ice Magic, Air Magic and Earth Magic.
Jewellery
 x - the ring of Jenib {rElec EV+5 Dex+3}
   (You found it on level 3 of the Crypt)

   [ring of evasion]

   EV+5:      It affects your evasion (+5).
   Dex+3:     It affects your dexterity (+3).
   rElec:     It insulates you from electricity.
 y - the cursed amulet of the Lashed Comet (around neck) {RegenMP rElec rF+ Dex+2, Self, Elem}
   (You took it off a deep elf death mage on level 3 of the Elven Halls)

   [amulet of magic regeneration]

   RegenMP:   It increases your rate of magic regeneration.
   Dex+2:     It affects your dexterity (+2).
   rF+:       It protects you from fire.
   rElec:     It insulates you from electricity.
   It has a curse which improves the following skills: Introspection: Fighting
   and Spellcasting.
   Elements:  Fire Magic, Ice Magic, Air Magic and Earth Magic.
 C - the cursed ring "Overhang to Understand" (left hand) {Wiz rElec rPois rF+, Self, Range}
   (You bought it in a shop on level 3 of the Elven Halls)

   [ring of wizardry]

   Wiz:       It improves your spell success rate.
   rF+:       It protects you from fire.
   rElec:     It insulates you from electricity.
   rPois:     It protects you from poison It has a curse which improves the
   following skills: Introspection: Fighting and Spellcasting.
   Ranged Combat: Ranged Weapons and Throwing.
 K - the cursed ring of the Chained Comet (right hand) {Int+6 Stlth+, Elem, Cun}
   (You found it on level 2 of the Lair of Beasts)

   [ring of intelligence]

   Int+6:     It affects your intelligence (+6).
   Stlth+:    It makes you more stealthy.
   It has a curse which improves the following skills: Elements: Fire Magic, Ice
   Magic, Air Magic and Earth Magic.
   Cunning:   Dodging and Stealth.
Talismans
 D - a maw talisman (active)
   (You found it on level 9 of the Dungeon)
Wands
 m - a wand of polymorph (16)
   (You found it on level 8 of the Dungeon)
 p - a wand of acid (29)
   (You found it on level 8 of the Dungeon)
 z - a wand of iceblast (42)
   (You found it on level 3 of the Lair of Beasts)
 A - a wand of mindburst (29)
   (You found it on level 7 of the Dungeon)
 H - a wand of charming (30)
   (You took it off an orc on level 10 of the Dungeon)
 M - a wand of flame (62)
   (You found it on level 4 of the Lair of Beasts)
Scrolls
 d - 10 scrolls of vulnerability {!r!r}
 f - 13 scrolls of teleportation {@r4}
 g - 9 scrolls of poison {!r}
 j - 8 scrolls of enchant weapon
 k - 8 scrolls of fear
 o - 4 scrolls of immolation {!r!r}
 q - 5 scrolls of butterflies
 t - 2 scrolls of enchant armour
 F - a scroll of brand weapon
 I - 9 scrolls of blinking {!r}
 Y - a scroll of fog
Potions
 a - 19 potions of curing {@q1}
 c - 10 potions of enlightenment
 e - 14 potions of heal wounds {@q2}
 h - 2 potions of resistance
 l - 4 potions of invisibility
 n - 3 potions of cancellation
 s - 11 potions of ambrosia
 u - 6 potions of might
 w - 6 potions of haste {@q3}
 B - 7 potions of mutation {!q}
 N - 5 potions of magic
 S - 4 potions of brilliance
Miscellaneous
 i - a phial of floods
   (You found it on level 4 of the Spider Nest)
 J - a phantom mirror
   (You found it on level 1 of the Vaults)
 T - a tin of tremorstones (2/2) {throwing}
   (You found it on level 4 of the Shoals)
 U - a lightning rod (4/4)
   (You found it on level 4 of the Shoals)
 V - a sack of spiders
   (You found it on level 4 of the Shoals)

Dungeon Overview and Level Annotations

Branches:
Dungeon (15/15)            Temple (0/1) D:6            Lair (5/5) D:11
 Shoals (4/4) Lair:3       Spider (4/4) Lair:2        Slime (0/5) Lair:5
    Orc (2/2) D:12            Elf (3/3) Orc:2        Vaults (5/5) D:14
  Crypt (3/3) Vaults:3       Tomb (0/3) Crypt:3      Depths (4/4) D:15
    Zot (5/5) Depths:4     WizLab (visited)

Altars:
Ashenzari
Gozag
Kikubaaqudgha
Okawaru
Ru
Uskayaw
Wu Jian
Jiyva
Lugonu

Shops:
Orc:2 ([!*   Elf:1 ?[!   Elf:2 (   Elf:3 *   Shoals:3 *   Vaults:1 *?[=(
Vaults:2 =   Vaults:4 [   Depths:2 [   Depths:3 !:==

Portals:
Hell: Depths:1 Depths:2 Depths:3 Depths:4
Abyss: Zot:5 Depths:2 Depths:3
Pandemonium: Depths:2
Ziggurat: Depths:4

Annotations:
D:10 2 transporters
D:12 3 runed translucent doors, zero's ghost, journeyman MiFi
D:15 exclusion: obsidian statue
Elf:2 2 runed translucent doors

##...####### #....# ##
#....# ##. #####....#
###.. #........# #...#
#........###.###
###########............#
#...........>.......####
#.§§....#W.........##
#≈§.....##.........#
#§§..§.............#
#≈§§§§§...........[#
#≈§≈§§§≈≈..........#
#≈§§§§≈≈§≈.....#####
#≈§§§≈≈≈≈≈≈....#
#≈§§≈§§§≈≈≈...##
#§§≈≈≈§≈≈§≈§.##


There were no monsters in sight!


Message History

There is a stone staircase leading down here. 😎 HP[+1]
Your hp is fully restored (257).
What level of the Dungeon? (default 1, ? - help)
A demonspawn warmonger and a reaper come into view.
The demonspawn warmonger is wielding a +1 double sword of freezing and wearing a +1 tower shield of positive energy.
The reaper is wielding a +8 heavy scythe.
Unknown command.
The demonspawn warmonger moves out of view.
There is a stone staircase leading up here.
You climb upwards.
There is a stone staircase leading down here.
What level of the Dungeon? (default 1, ? - help)
A blizzard demon comes into view.
Casting: Maxwell's Capacitive Coupling (mildly dangerous; 1% risk of failure)
Confirm with . or Enter, or press ? or * to list all spells.
You feel a surge of power!
You begin accumulating electric charge. (Press . to continue charging.)
You feel charge building up... 😎 MP[-7]
You lost 7 mp, and now have 42/49 mp.
Unknown command.
You feel charge building up... The blizzard demon gestures at you.
You feel charge building up...
You are engulfed in freezing vapours.
You resist. 😎 MP[+1]
The electricity discharges through the blizzard demon!!!
The blizzard demon vaporises in an electric haze!
You kill the blizzard demon!
You are engulfed in freezing vapours.
You resist.
You are engulfed in freezing vapours.
You resist. 😕 HP[-2] MP[+1]
You take 2 damage, and now have 255/257 hp.
You enter the shallow water.
Moving in this stuff is going to be slow. 😕 MP[+1] 😕 HP[+1] MP[+1] 😎 HP[+1] MP[+1]
Your hp is fully restored (257). 😎 MP[+1] 😎 MP[+1]
Your mp is fully restored (49).
A Brimstone Fiend comes into view.
Casting: Maxwell's Capacitive Coupling (mildly dangerous; 1% risk of failure)
Confirm with . or Enter, or press ? or * to list all spells.
You feel a surge of power!
You begin accumulating electric charge. (Press . to continue charging.)
You feel charge building up... 😎 MP[-7]
You lost 7 mp, and now have 42/49 mp.
Unknown command.
You feel charge building up... The Brimstone Fiend gestures at you.
The sphere of damnation explodes!
The damnation engulfs you!!
You feel charge building up... 😕 HP[-33] MP[+1]
You take 33 damage, and now have 224/257 hp.
The electricity discharges through the Brimstone Fiend!!!!
The Brimstone Fiend vaporises in an electric haze!
You kill the Brimstone Fiend!
Your base Spellcasting skill increases to level 16!
Unknown command. 😕 HP[+1] MP[+1] 😕 HP[+1] MP[+1]
Things that are here:
a +0 dagger {short}; 2 stones {throwing}; a +0 short sword {short} 😕 HP[+1] MP[+1]
There is a stone staircase leading up here. 😕 MP[+1]
You climb upwards.
There is a stone staircase leading down here. 😕 HP[+2] MP[+1]
You regained 2 hp, and now have 229/257 hp.
You open the door.
There is an open door here.
You see here a +0 short sword {short}.
You see here a +0 club {mace}.
There is a stone staircase leading up here. 😕 HP[+12] MP[+1]
You regained 12 hp, and now have 241/257 hp.
Your mp is fully restored (49).
You climb upwards.
There is a stone staircase leading down here. 😕 HP[+2]
You regained 2 hp, and now have 243/257 hp.
There is a stone staircase leading up here. 😕 HP[+3]
You regained 3 hp, and now have 246/257 hp.
You climb upwards.
There is a stone staircase leading down here. 😕 HP[+2]
You regained 2 hp, and now have 248/257 hp.
You sense a monster nearby. 😎 HP[+9]
Your hp is fully restored (257).
Blink to where?
Press: ? - help, Dir - move target
As you read the scroll of blinking {!r}, it crumbles to dust.
There is a staircase leading out of the dungeon here.
You have escaped!

Skill      XL: |  1  2  3  4  5  6  7  8  9 10 11 12 13 14 15 16 17 18 19 20 21 22 23 24 25 26 |
---------------+-------------------------------------------------------------------------------+-----
Summonings     | 2 3 5 7 8 12 | 12.1
Conjurations   | 2 5 10 | 10.8
Hexes          | 2 3 |  3.0
Fighting       | 3 6 9 11 12 14 16 18 | 18.4
Spellcasting   | 4 6 8 10 11 12 13 14 16 | 16.0
Dodging        | 4 6 9 11 12 13 14 16 17 | 17.3
Stealth        | 4 12 | 12.3
Air Magic      | 4 5 7 10 16 19 | 19.5
Evocations     | 4 11 | 11.0
Shapeshifting  | 5 10 | 10.0
Short Blades   | 4 10 12 | 12.6
Poison Magic   | 1 |  1.2
Shields        | 3 11 12 15 16 | 16.5
Ice Magic      | 5 |  5.9
Fire Magic     | 3 |  3.8
Staves         | 10 11 | 11.0
Necromancy     | 7 |  7.7
Translocations | |  1.0

Action                     |  1- 3 |  4- 6 |  7- 9 | 10-12 | 13-15 | 16-18 | 19-21 | 22-24 | 25-27 || total
---------------------------+-------+-------+-------+-------+-------+-------+-------+-------+-------++-------
  Melee: Dagger            |    19 |    40 |       |       |       |       |       |       |       ||    59
         Tailslap          |     2 |    10 |     6 |    34 |   194 |   208 |   191 |   211 |    34 ||   890
         Punch             |     1 |     1 |       |     3 |    10 |       |       |       |       ||    15
         Quarterstaff      |       |     1 |    61 |    88 |       |       |       |       |       ||   150
         Rapier            |       |       |       |   127 |   839 |   780 |       |       |       ||  1746
         Maw               |       |       |       |    43 |   366 |   365 |   360 |   303 |    49 ||  1486
         Staff             |       |       |       |       |       |   107 |   778 |   668 |   114 ||  1667
   Cast: Magic Dart        |   118 |    30 |    12 |     6 |       |       |       |       |       ||   166
         Call Imp          |     3 |    16 |     1 |     1 |       |       |       |       |       ||    21
         Call Canine Famil |       |    15 |    28 |    29 |    57 |    56 |    25 |     1 |       ||   211
         Summon Guardian G |       |     4 |    47 |    54 |    52 |    39 |    12 |     1 |       ||   209
         Summon Lightning  |       |       |       |    35 |   119 |   135 |    51 |     2 |     1 ||   343
         Airstrike         |       |       |       |       |    18 |    71 |   139 |    65 |       ||   293
         Conjure Ball Ligh |       |       |       |       |    47 |    63 |       |       |       ||   110
         Mephitic Cloud    |       |       |       |       |     3 |       |       |       |       ||     3
         Freezing Cloud    |       |       |       |       |       |   141 |   133 |    36 |    14 ||   324
         Plasma Beam       |       |       |       |       |       |    15 |   130 |   231 |    35 ||   411
         Sublimation of Bl |       |       |       |       |       |       |     9 |     1 |       ||    10
         Blink             |       |       |       |       |       |       |     1 |       |       ||     1
         Death Channel     |       |       |       |       |       |       |       |     5 |     2 ||     7
         Maxwell's Capacit |       |       |       |       |       |       |       |    18 |    50 ||    68
         Spellforged Servi |       |       |       |       |       |       |       |    56 |    34 ||    90
         Animate Dead      |       |       |       |       |       |       |       |       |     2 ||     2
 Invoke: Curse Item        |       |       |     3 |     4 |     4 |     2 |     3 |     4 |       ||    20
         Shatter the Chain |       |       |       |     2 |       |     3 |     5 |     1 |       ||    11
Ability: Breathe Frost     |       |       |     6 |     2 |     3 |     4 |     3 |       |       ||    18
  Evoke: Wand              |       |       |       |    10 |     5 |    12 |    10 |     5 |       ||    42
         Lightning rod     |       |       |       |       |       |     4 |     9 |     4 |     3 ||    20
         Tin of tremorston |       |       |       |       |       |       |     4 |     3 |     2 ||     9
         Sack of spiders   |       |       |       |       |       |       |     2 |       |     1 ||     3
         Phial of floods   |       |       |       |       |       |       |     2 |       |     1 ||     3
    Use: Potion            |     1 |       |       |     1 |       |     5 |     2 |     4 |     7 ||    20
         Scroll            |     1 |     8 |       |     1 |     1 |     8 |     3 |    11 |     4 ||    37
   Stab: Sleeping          |       |     1 |       |     2 |     5 |       |    11 |     3 |       ||    22
         Distracted        |       |       |     2 |     4 |    13 |    17 |     5 |    10 |     4 ||    55
         Betrayed ally     |       |       |       |       |     1 |       |       |       |       ||     1
         Confused          |       |       |       |       |     2 |       |       |       |       ||     2
         Petrifying        |       |       |       |       |       |     2 |       |       |       ||     2
         Petrified         |       |       |       |       |       |     1 |       |       |       ||     1
 Armour: Skin              |    21 |    34 |    80 |   134 |   408 |   540 |   452 |   474 |   111 ||  2254
  Dodge: Dodged            |    21 |    23 |    47 |   140 |   414 |   521 |   408 |   451 |    93 ||  2118
  Block: Buckler           |       |       |       |       |    13 |   135 |       |       |       ||   148
         Kite shield       |       |       |       |       |       |   240 |   551 |   574 |   105 ||  1470
         Reflection        |       |       |       |       |       |    47 |   100 |    19 |     8 ||   174
   Form: Maw               |       |       |       |     1 |       |       |       |       |       ||     1

Levels and vault maps discovered:
D:1:      dpeg_arrival_lava_altar, layout_rooms,
          dreamdust_ecumenical_altar_drowned_temple, grunt_decor_mini_mirrors
D:2:      layout_basic, minmay_indecisive_spiral, uniq_crazy_yiuf_cottage
D:3:      layout_basic, lemuel_crystal_altar
D:4:      layout_basic, mainiacjoe_overflow_alcove_2, serial_bayou,
          serial_bayou_pond_c, serial_bayou_lagoon_a, serial_bayou_lagoon_b,
          serial_bayou_ford_a
D:5:      layout_loops_ring
D:6:      layout_loops_ring, minmay_overflow_temple_star_quad,
          minmay_temple_entry_ruins
D:7:      layout_loops_corners
D:8:      layout_gridville, amethyst_killhole
D:9:      layout_gridville, chequers_serial_rivers_micro_e
D:10:     layout_rooms, nicolae_diode_stairs
D:11:     layout_basic, dpeg_lair_monsters
D:12:     layout_roguey, hiddenorc1_lemuel, gammafunk_ghost_fury_of_okawaru
D:13:     layout_loops_ring
D:14:     layout_basic, david_vaults_1, nicolae_twisty_statue_hallways,
          hangedman_ranch, uniq_azrael
D:15:     grunt_enter_depths_snipers, layout_gridville, nicolae_ru_awakened_eye,
          minivault_16
Lair:1:   layout_long_grid, gammafunk_ghost_ooze, grunt_megastairs_3,
          uniq_harold
Lair:2:   layout_cave_pods, spider_nest_entry_a, minivault_19,
          serial_bayou_crossing, lemuel_fruit_fields
Lair:3:   nzn_winding_woodlands_medium [nzn_winding_woodlands_5x5_closed_star,
          nzn_winding_woodlands_5x15_concentric,
          nzn_winding_woodlands_5x5_checkerboard,
          nzn_winding_woodlands_5x5_default, nzn_winding_woodlands_center_lodge,
          nzn_winding_woodlands_5x5_open_star,
          nzn_winding_woodlands_5x5_default, nzn_winding_woodlands_5x15_garden,
          nzn_winding_woodlands_5x5_default], layout_hall_layers,
          minmay_shoals_entry_centaurs, uniq_gastronok
Lair:4:   layout_gridlike, special_room [special_room_bee]
Lair:5:   wormcave, layout_cave_pods, hangedman_lair_tendril_chambers,
          slime_entry_1, serial_rivers, chequers_serial_rivers_room_b,
          chequers_serial_rivers_micro_b, chequers_serial_rivers_micro_b,
          chequers_serial_rivers_large_a, chequers_serial_rivers_small_3,
          chequers_serial_rivers_small_b
Shoals:1: layout_shoals, st_cyclops, uniq_aizul
Shoals:2: layout_shoals, uniq_ilsuiw, uniq_polyphemus
Shoals:3: nicolae_shoals_aurelia_aurita, layout_shoals, serial_shops, shop_coins
Shoals:4: shoals_end_hellmonk_lost_city, serial_shops
Spider:1: layout_chambers, nicolae_spider_checkerboard, uniq_louise,
          uniq_rupert, uniq_donald, uniq_josephine, uniq_frances
Spider:2: layout_spider_delve
Spider:3: nicolae_spider_jumping_over_cracks [nicolae_spider_jumping_sub_pools,
          nicolae_spider_jumping_sub_notch, nicolae_spider_jumping_sub_offset,
          nicolae_spider_jumping_sub_plain]
Spider:4: grunt_spider_rune_parallel, nicolae_spider_swamp_cousins
Orc:1:    layout_diamond_mine, ebering_ghost_inner_flame
Orc:2:    st_orc_elflike, layout_caves, basic_altar, uniq_sonja, uniq_jorgrun
Elf:1:    eino_elf_arrival_the_gate, layout_loops_ring, serial_shops, shop,
          hangedman_elf_disciples, minmay_elf_sorcery, minmay_shoptagon,
          uniq_kirke
Elf:2:    elven_hall_of_blades_hangedman_original
          [nicolae_blade_entry_splitting_headache], layout_onion_city,
          infiniplex_enter_wizlab_glasses, serial_shops, shop,
          grunt_ministairs_1, nicolae_elf_stone_circles, lemuel_upstairs_altar,
          uniq_norris
Elf:3:    minmay_elf_hall_four_x, layout_loops_cross, serial_shops,
          nicolae_shop_competitors_out_of_business, chequers_big_river,
          nicolae_elf_archery_training
Vaults:1: hangedman_vaults_corner, nicolae_vaults_steering_wheel,
          hangedman_vaults_stitches, nicolae_vaults_mitosis,
          nicolae_vaults_trapezoid_3, nicolae_vaults_offset_grid_hallway_4,
          nicolae_vaults_tetromino_T_2, vaults_room_mumra_shop_pool,
          nicolae_vaults_security_offices_2, nicolae_vaults_trapezoid_1,
          ontoclasm_vaults_loading_screen, layout_vaults_omnicross,
          serial_shops, shop, nicolae_shop_trees, shop, shop
Vaults:2: nicolae_vaults_shrinking_rooms_2, nicolae_vaults_border_crossing,
          nicolae_vaults_weapon_check, vaults_room_fours,
          hangedman_vaults_river_flow, st_more_cells, v_misc_13,
          nicolae_vaults_closet_pinwheel_4, vaults_room_hallway, serial_ice_h,
          nicolae_vaults_double_plus_1, layout_vaults_ring, serial_shops,
          nicolae_shop_gaudy_bauble
Vaults:3: portal_desolation_entry_salt, vaults_room_semicircle,
          hangedman_vaults_trim, nicolae_vaults_house_3, v_alt_pattern_3,
          vaults_room_semicircle, hangedman_vaults_restitches,
          nicolae_vaults_sightless_eye, nicolae_vaults_double_plus_3,
          nicolae_vaults_puzzle_piece, hangedman_vaults_locks,
          nicolae_vaults_frosty_reception, blue_anna_dwarven_crypt,
          ontoclasm_vaults_pinch, layout_vaults_omnibox
Vaults:4: nicolae_vaults_mini_display_case, nicolae_vaults_three_branches,
          v_alt_pattern_6, nicolae_vaults_asterisk, nicolae_vaults_back_hallway,
          nicolae_vaults_enemy_cabinets, vaults_room_pool, vaults_room_pool,
          ontoclasm_vaults_loading_screen, layout_vaults_chaotic_city,
          serial_shops, nicolae_shop_tiny_statue_garden, uniq_frederick
Vaults:5
Crypt:1:  layout_chaotic_city, grunt_crypt_arrival_split
Crypt:2:  layout_misc_corridors, roderic_lattice_octagonal_star,
          grunt_megastairs_2
Crypt:3:  quadcrypt_mu
Depths:1: layout_roguey, hellmouth_1, minmay_misc_feat_x,
          chequers_serial_rivers_micro_a, nicolae_wwwww, minmay_multi_spiral
Depths:2: minmay_ornate_pinched, layout_cave_shapes, serial_shops,
          nicolae_shop_peninsula, pan_entry, abyss_entry,
          pf_hell_entry_tar_river, minmay_stone_trees_small,
          serial_bayou_shore_a
Depths:3: thingy_vault_2, layout_gridville, serial_shops,
          nicolae_shop_gibbet_a_chance, abyss_entry,
          hangedman_abyss_or_decor_clamps, grunt_mini_vestibule,
          nicolae_letterblocks [nicolae_letter_subblock,
          nicolae_letter_subblock, nicolae_letter_subblock,
          nicolae_letter_subblock, nicolae_letter_subblock,
          nicolae_letter_subblock, nicolae_letter_subblock,
          nicolae_letter_subblock, nicolae_letter_subblock,
          nicolae_letter_subblock, nicolae_letter_subblock,
          nicolae_letter_subblock, nicolae_letter_subblock,
          nicolae_letter_subblock, nicolae_letter_subblock,
          nicolae_letter_subblock, nicolae_letter_subblock,
          nicolae_letter_subblock, nicolae_letter_subblock,
          nicolae_letter_subblock, nicolae_letter_subblock,
          nicolae_letter_subblock, nicolae_letter_subblock,
          nicolae_letter_subblock, nicolae_letter_subblock], minmay_shop_grove,
          infiniplex_staircase_diamond, uniq_xtahua
Depths:4: evilmike_zot_entry_hall, layout_cave_pools, enter_ziggurat_f,
          hangedman_glass_teeth, hell_entry
Zot:1:    layout_gridlike, uniq_josephina
Zot:2:    layout_misc_corridors, amethyst_zot_foddershock
Zot:3:    kennysheep_bubbly, layout_misc_corridors
Zot:4:    layout_onion, lemuel_flame_loot_1
Zot:5:    layout_cathedral_of_symmetry, amcnicky_altar_lugonu_corruption

Notes
Turn   | Place    | Note
-------+----------+-------------------------------------------
     0 | D:1      | MackTheKnife the Draconian Hedge Wizard began the quest for
                  | the Orb.
     0 | D:1      | Reached XP level 1. HP: 14/14 MP: 4/4
     0 | D:1      | magus.rc [v1.9.6]
   374 | D:1      | Found a faded altar of an unknown god.
   646 | D:2      | Reached XP level 2. HP: 20/20 MP: 3/6
   680 | D:1      | Learned a level 2 spell: Call Imp
   883 | D:2      | Reached skill level 2 in Summonings
  1088 | D:2      | Reached XP level 3. HP: 26/26 MP: 4/7
  1616 | D:2      | Found a runed translucent door.
  1617 | D:2      | Noticed Crazy Yiuf
  1820 | D:2      | Learned a level 2 spell: Blink
  2034 | D:3      | Reached skill level 3 in Summonings
  2037 | D:3      | Reached skill level 2 in Conjurations
  2145 | D:3      | You pick up a book of Callings and begin reading...
  2145 | D:3      | You add the spells Summon Small Mammal, Call Canine
                  | Familiar and Summon Guardian Golem to your library.
  2150 | D:3      | Learned a level 3 spell: Call Canine Familiar
  2165 | D:3      | You pick up a book of Displacement and begin reading...
  2165 | D:3      | You add the spells Lesser Beckoning, Gell's Gravitas and
                  | Teleport Other to your library.
  2215 | D:3      | You pick up a book of Storms and begin reading...
  2215 | D:3      | You add the spells Static Discharge, Airstrike and Summon
                  | Lightning Spire to your library.
  2297 | D:3      | magus.rc [v1.9.6]
  2486 | D:3      | Found an ornate altar of the Wu Jian Council.
  2690 | D:3      | Reached XP level 4. HP: 33/33 MP: 1/8
  3502 | D:4      | Reached skill level 4 in Summonings
  4121 | D:4      | Found a broken altar of Ashenzari.
  4126 | D:4      | Became a worshipper of Ashenzari the Shackled
  4161 | D:5      | Entered Level 5 of the Dungeon
  4302 | D:5      | Noticed a bullfrog
  4316 | D:5      | Killed a bullfrog
  4317 | D:5      | Reached skill level 5 in Summonings
  4317 | D:5      | Reached XP level 5. HP: 38/38 MP: 3/9
  4347 | D:5      | Noticed a black bear
  4586 | D:5      | Noticed a phantom
  4611 | D:5      | Killed a phantom
  4612 | D:5      | Reached XP level 6. HP: 45/45 MP: 6/10
  4653 | D:5      | Reached skill level 6 in Summonings
  4911 | D:5      | magus.rc [v1.9.6]
  4942 | D:5      | Learned a level 3 spell: Summon Guardian Golem
  5096 | D:2      | Killed Crazy Yiuf
  5244 | D:5      | Reached skill level 7 in Summonings
  5439 | D:5      | Reached skill level 2 in Hexes
  5439 | D:5      | Your scales start taking on an icy white colour.
  5439 | D:5      | Reached XP level 7. HP: 50/50 MP: 3/11
  5439 | D:5      | Gained mutation: Your flesh is cold resistant. (rC+) [White
                  | Draconian growth]
  6358 | D:6      | Reached skill level 3 in Hexes
  6358 | D:6      | Reached skill level 1 in Fighting
  6448 | D:6      | Found a staircase to the Ecumenical Temple.
  6549 | D:6      | Noticed a steam dragon
  6572 | D:6      | Killed a steam dragon
  6573 | D:6      | Reached skill level 2 in Fighting
  6694 | D:6      | Reached skill level 4 in Spellcasting
  6845 | D:6      | Noticed a steam dragon
  6951 | D:6      | Killed a steam dragon
  6952 | D:6      | Reached skill level 3 in Fighting
  6952 | D:6      | Reached XP level 8. HP: 40/66 MP: 8/15
  7092 | D:6      | Reached skill level 4 in Fighting
  7173 | D:6      | Reached * piety under Ashenzari
  7277 | D:6      | Found an ancient bone altar of Kikubaaqudgha.
  7285 | D:6      | Found an opulent altar of Gozag.
  7289 | D:6      | Found a hide-covered altar of Uskayaw.
  7599 | D:7      | Reached skill level 5 in Spellcasting
  7662 | D:7      | Reached skill level 5 in Fighting
  7917 | D:7      | Reached skill level 6 in Fighting
  7917 | D:7      | Reached skill level 6 in Spellcasting
  8058 | D:7      | Reached XP level 9. HP: 80/80 MP: 18/20
  8063 | D:7      | Learned a level 4 spell: Summon Lightning Spire
  8767 | D:7      | Reached skill level 2 in Dodging
  9029 | D:7      | magus.rc [v1.9.6]
  9142 | D:8      | Noticed a two-headed ogre
  9173 | D:8      | Killed a two-headed ogre
  9174 | D:8      | Reached skill level 4 in Dodging
  9174 | D:8      | Reached skill level 3 in Stealth
  9248 | D:8      | Reached skill level 4 in Stealth
  9338 | D:8      | Reached skill level 1 in Air Magic
  9497 | D:8      | Reached ** piety under Ashenzari
  9973 | D:8      | Reached skill level 2 in Air Magic
 10180 | D:8      | Reached skill level 3 in Air Magic
 10365 | D:9      | Reached skill level 4 in Air Magic
 10494 | D:9      | Reached XP level 10. HP: 86/90 MP: 14/22
 10650 | D:9      | Reached skill level 5 in Air Magic
 10741 | D:9      | Reached skill level 8 in Summonings
 10750 | D:9      | Reached skill level 5 in Dodging
 10793 | D:9      | Reached *** piety under Ashenzari
 11064 | D:10     | Entered Level 10 of the Dungeon
 11112 | D:10     | Found a transporter.
 11225 | D:10     | Found a transporter.
 11273 | D:10     | Reached skill level 6 in Dodging
 11279 | D:10     | Reached skill level 1 in Evocations
 11287 | D:10     | Reached skill level 2 in Evocations
 11397 | D:10     | Reached skill level 3 in Evocations
 11934 | D:11     | Reached skill level 4 in Evocations
 11970 | D:11     | Reached skill level 1 in Shapeshifting
 12074 | D:11     | Reached **** piety under Ashenzari
 12251 | D:11     | Reached skill level 2 in Shapeshifting
 12265 | D:11     | Reached skill level 3 in Shapeshifting
 12439 | D:11     | Found a staircase to the Lair.
 12439 | D:11     | Noticed a death yak
 12444 | D:11     | Noticed a death yak
 12446 | D:11     | Noticed a death yak
 12449 | D:11     | Killed a death yak
 12450 | D:11     | Reached skill level 4 in Shapeshifting
 12454 | D:11     | Killed a death yak
 12455 | D:11     | Reached skill level 5 in Shapeshifting
 12455 | D:11     | Reached XP level 11. HP: 97/97 MP: 15/23
 12455 | D:11     | Killed a death yak
 12738 | D:12     | Reached skill level 6 in Shapeshifting
 12809 | D:12     | Identified the +1 short sword "Weunnam" {freeze, rN++ Will-
                  | Stlth+}
 12814 | D:12     | Noticed a boulder beetle
 12864 | D:12     | Killed a boulder beetle
 12874 | D:12     | Reached skill level 7 in Shapeshifting
 13186 | D:12     | Reached skill level 8 in Shapeshifting
 13265 | D:12     | Identified the +5 rapier "Bastim" {speed, Int+6}
 13397 | D:12     | Found a runed translucent gate.
 13397 | D:12     | Found a runed translucent gate.
 13397 | D:12     | Found a runed translucent gate.
 13397 | D:12     | Noticed an orc knight
 13397 | D:12     | Noticed a merfolk javelineer
 13398 | D:12     | Noticed a tengu warrior
 13398 | D:12     | Identified the +0 chain mail of True Grit {Fly}
 13398 | D:12     | Identified the +7 broad axe "Ewken" {drain, rCorr Str-4
                  | Int+2}
 13399 | D:12     | Found an iron altar of Okawaru.
 13399 | D:12     | Noticed zero's ghost (journeyman MiFi)
 13399 | D:12     | Noticed a tengu warrior
 13399 | D:12     | Noticed a tengu warrior
 13400 | D:12     | Noticed a centaur warrior
 13472 | Lair:1   | Entered Level 1 of the Lair of Beasts
 13507 | Lair:1   | Noticed a death yak
 13515 | Lair:1   | Found a runed translucent gate.
 13516 | Lair:1   | Found a runed translucent gate.
 13517 | Lair:1   | Found a runed translucent gate.
 13519 | Lair:1   | Noticed Lide's ghost (journeyman VSSh)
 13522 | Lair:1   | Found a viscous altar of Jiyva.
 13533 | Lair:1   | Noticed Harold
 13569 | Lair:1   | You pick up a book of the Hunter and begin reading...
 13569 | Lair:1   | You add the spells Sigil of Binding, Dimensional Bullseye
                  | and Leda's Liquefaction to your library.
 13605 | Lair:1   | Reached skill level 9 in Shapeshifting
 13903 | Lair:1   | Killed Harold
 13904 | Lair:1   | Reached skill level 10 in Shapeshifting
 13904 | Lair:1   | Reached skill level 2 in Short Blades
 14025 | Lair:1   | Noticed a death yak
 14025 | Lair:1   | Noticed a death yak
 14027 | Lair:1   | Noticed a death yak
 14027 | Lair:1   | Noticed a death yak
 14027 | Lair:1   | Noticed a death yak
 14040 | Lair:1   | Killed a death yak
 14040 | Lair:1   | Killed a death yak
 14041 | Lair:1   | Reached skill level 4 in Short Blades
 14041 | Lair:1   | Reached XP level 12. HP: 104/104 MP: 7/24
 14051 | Lair:1   | Killed a death yak
 14053 | Lair:1   | Killed a death yak
 14054 | Lair:1   | Reached skill level 5 in Short Blades
 14057 | Lair:1   | Killed a death yak
 14062 | Lair:1   | Killed a death yak
 14063 | Lair:1   | Reached skill level 6 in Short Blades
 14581 | Lair:2   | Reached skill level 7 in Short Blades
 14629 | Lair:2   | Reached skill level 8 in Short Blades
 14707 | Lair:2   | Identified the ring "Cosoolaiz" {Int+6 Stlth+}
 14764 | Lair:2   | Found a hole to the Spider Nest.
 14986 | Lair:2   | Noticed an eight-headed hydra
 15003 | Lair:2   | Killed an eight-headed hydra
 15144 | Lair:2   | Reached skill level 9 in Short Blades
 15419 | Lair:2   | Reached skill level 10 in Short Blades
 15425 | Lair:2   | Reached skill level 7 in Fighting
 15920 | Lair:2   | Reached skill level 8 in Fighting
 16161 | Lair:3   | Noticed a six-headed hydra
 16169 | Lair:3   | Killed a six-headed hydra
 16174 | Lair:3   | Noticed Gastronok
 16186 | Lair:3   | Killed Gastronok
 16187 | Lair:3   | Reached skill level 9 in Fighting
 16187 | Lair:3   | Reached XP level 13. HP: 102/116 MP: 7/25
 16496 | Lair:3   | Found a staircase to the Shoals.
 16607 | Lair:3   | Learned a level 4 spell: Airstrike
 16717 | Lair:3   | Reached skill level 10 in Fighting
 17065 | Lair:3   | Reached skill level 7 in Dodging
 17182 | Lair:3   | Reached skill level 11 in Fighting
 17414 | Lair:3   | You pick up a book of Frost and begin reading...
 17414 | Lair:3   | You add the spells Freeze, Frozen Ramparts and Hailstorm to
                  | your library.
 17415 | Lair:3   | Reached ***** piety under Ashenzari
 17876 | Lair:4   | Reached skill level 8 in Dodging
 17883 | Lair:4   | Reached skill level 6 in Air Magic
 19008 | Lair:4   | Reached skill level 7 in Air Magic
 19103 | Lair:4   | Reached skill level 9 in Dodging
 19124 | Lair:4   | Reached XP level 14. HP: 132/132 MP: 3/27
 19432 | Lair:5   | Entered Level 5 of the Lair of Beasts
 19464 | Lair:5   | Identified the +5 morningstar of Fadghyc {freeze, rF+ rN+
                  | Int+3}
 19568 | Lair:5   | Reached skill level 8 in Air Magic
 19634 | Lair:5   | Learned a level 3 spell: Mephitic Cloud
 20024 | Lair:5   | Reached skill level 10 in Dodging
 20105 | Lair:5   | Reached skill level 9 in Air Magic
 20702 | Lair:5   | Found a staircase to the Slime Pits.
 21552 | Lair:5   | Reached skill level 10 in Air Magic
 21773 | Lair:5   | Found a runed translucent door.
 22052 | Lair:5   | Reached skill level 11 in Dodging
 22085 | Lair:5   | Paralysed by a hornet for 2 turns
 22338 | Lair:5   | You pick up a book of Chaos and begin reading...
 22338 | Lair:5   | You add the spells Conjure Ball Lightning, Disjunction and
                  | Discord to your library.
 22644 | D:12     | You pick up a book of Dreams and begin reading...
 22644 | D:12     | You add the spells Jinxbite, Ensorcelled Hibernation and
                  | Anguish to your library.
 22940 | D:12     | Found a staircase to the Orcish Mines.
 23151 | Orc:1    | Entered Level 1 of the Orcish Mines
 23340 | Orc:1    | Found a runed translucent door.
 23369 | Orc:1    | Reached skill level 7 in Spellcasting
 23769 | Orc:1    | Noticed Ijipin's ghost (novice MiFi)
 23812 | Orc:1    | Killed Ijipin's ghost
 23991 | Orc:2    | Entered Level 2 of the Orcish Mines
 23991 | Orc:2    | Found a staircase to the Elven Halls.
 24000 | Orc:2    | Noticed Jorgrun
 24178 | Orc:2    | Noticed Sonja
 24365 | Orc:2    | Learned a level 6 spell: Conjure Ball Lightning
 24374 | Orc:2    | Killed Jorgrun
 24375 | Orc:2    | Reached skill level 8 in Spellcasting
 24375 | Orc:2    | Reached XP level 15. HP: 124/138 MP: 10/30
 24667 | Orc:2    | Killed Sonja
 25030 | Orc:2    | Reached skill level 3 in Conjurations
 25201 | Orc:2    | Reached skill level 4 in Conjurations
 25693 | Orc:2    | Reached skill level 5 in Conjurations
 25764 | Orc:2    | Found Puhaulim's Assorted Antiques.
 25764 | Orc:2    | Found Giydiapt's Distillery.
 25765 | Orc:2    | Found Lakkos's Armour Shoppe.
 25765 | Orc:2    | Found Rytem's Weapon Shoppe.
 25784 | Orc:2    | Bought a potion of mutation for 80 gold pieces
 25784 | Orc:2    | Bought a potion of enlightenment for 50 gold pieces
 25784 | Orc:2    | Bought 2 potions of enlightenment for 100 gold pieces
 25796 | Orc:2    | Bought a glowing garnet amulet for 150 gold pieces
 25803 | Orc:2    | Bought a scroll of revelation for 225 gold pieces
 25803 | Orc:2    | Bought a potion of haste for 300 gold pieces
 25803 | Orc:2    | Bought a potion of curing for 90 gold pieces
 26076 | D:13     | Reached skill level 1 in Poison Magic
 27174 | D:14     | Identified the +3 halberd of the Wraith {antimagic, Fragile
                  | Str-3 Dex+5 Stlth+}
 27232 | D:14     | Reached skill level 11 in Short Blades
 27333 | D:14     | Noticed Azrael
 27367 | D:14     | Killed Azrael
 28259 | D:14     | Reached skill level 12 in Short Blades
 28513 | D:14     | Found a gate to the Vaults.
 28606 | D:15     | Entered Level 15 of the Dungeon
 28817 | D:14     | Reached skill level 1 in Shields
 28924 | D:15     | Found a sacrificial altar of Ru.
 28933 | D:15     | Reached skill level 2 in Shields
 28950 | D:15     | Paralysed by an ogre mage for 2 turns
 29057 | D:14     | Paralysed by an ogre mage for 5 turns
 29112 | D:15     | Reached skill level 3 in Shields
 29392 | D:15     | Reached ****** piety under Ashenzari
 29689 | D:15     | Paralysed by an ogre mage for 3 turns
 29911 | D:15     | Reached skill level 12 in Fighting
 30204 | D:15     | Reached XP level 16. HP: 69/151 MP: 7/32
 30441 | D:15     | Found a staircase to the Depths.
 30861 | D:15     | Reached skill level 13 in Fighting
 31086 | Lair:1   | Killed Lide's ghost
 31106 | Lair:1   | You pick up a book of Winter and begin reading...
 31106 | Lair:1   | You add the spells Ozocubu's Armour, Metabolic Englaciation
                  | and Simulacrum to your library.
 31120 | Lair:1   | magus.rc [v1.9.6]
 31182 | Spider:1 | Entered Level 1 of the Spider Nest
 31216 | Spider:1 | Noticed Josephine
 31224 | Spider:1 | Killed Josephine
 31436 | Spider:1 | Reached skill level 9 in Spellcasting
 31873 | Spider:1 | Noticed Frances
 31879 | Spider:1 | Killed Frances
 32119 | Spider:1 | Noticed Donald
 32126 | Spider:1 | Killed Donald
 32127 | Spider:1 | Reached skill level 10 in Spellcasting
 32177 | Spider:1 | Identified the +4 trident of Blood-Lust {drain, *Slow rCorr
                  | Str+7 Stlth-}
 32338 | Spider:1 | Noticed Rupert
 32352 | Spider:1 | Killed Rupert
 32690 | Spider:1 | You add the spells Ignite Poison and Freezing Cloud to your
                  | library.
 32697 | Spider:1 | Learned a level 5 spell: Freezing Cloud
 32713 | Spider:1 | Noticed Louise
 32725 | Spider:1 | Killed Louise
 32726 | Spider:1 | Reached skill level 1 in Ice Magic
 33108 | Spider:1 | Reached skill level 2 in Ice Magic
 33212 | Spider:1 | magus.rc [v1.9.6]
 33250 | Spider:1 | Reached skill level 3 in Ice Magic
 33402 | Spider:2 | Reached skill level 4 in Ice Magic
 33610 | Spider:1 | Reached skill level 5 in Ice Magic
 33745 | Spider:2 | Identified the +1 ring mail "Utran" {rN+ Str+4}
 35224 | Spider:2 | magus.rc [v1.9.6]
 35509 | Spider:3 | Reached skill level 14 in Fighting
 35509 | Spider:3 | Reached skill level 12 in Dodging
 36044 | Spider:3 | Reached XP level 17. HP: 91/154 MP: 24/34
 36130 | Spider:3 | Reached skill level 4 in Shields
 36582 | Spider:3 | Identified the staff "Dynoyfe" {rF+ rC+ Dex+4 Fire}
 36785 | Spider:4 | Entered Level 4 of the Spider Nest
 36963 | Spider:4 | Reached skill level 5 in Shields
 37273 | Spider:4 | Reached skill level 6 in Shields
 37587 | Spider:4 | Reached skill level 7 in Shields
 38018 | Spider:4 | Reached skill level 8 in Shields
 38394 | Spider:4 | Reached skill level 9 in Shields
 38758 | Spider:4 | Got a gossamer rune of Zot
 39015 | Shoals:1 | Entered Level 1 of the Shoals
 39022 | Shoals:1 | Reached skill level 10 in Shields
 39496 | Shoals:1 | Reached skill level 11 in Shields
 39704 | Shoals:1 | You pick up a book of Chaos and begin reading...
 39727 | Shoals:1 | You pick up a book of Flames and begin reading...
 39727 | Shoals:1 | You add the spells Inner Flame, Sticky Flame and Flame Wave
                  | to your library.
 39950 | Shoals:1 | You pick up a book of Frost and begin reading...
 39978 | Shoals:1 | Noticed Aizul
 40222 | Shoals:1 | Killed Aizul
 41003 | Shoals:2 | Noticed Ilsuiw
 41326 | Shoals:2 | Noticed Polyphemus
 41350 | Shoals:2 | Killed Polyphemus
 41360 | Shoals:2 | Reached skill level 13 in Dodging
 41832 | Shoals:2 | Reached XP level 18. HP: 169/169 MP: 26/35
 41847 | Shoals:2 | Killed Ilsuiw
 42915 | Shoals:3 | Found Guav's General Store.
 42948 | Shoals:3 | Bought a book of Lightning for 720 gold pieces
 42948 | Shoals:3 | You pick up a book of Lightning and begin reading...
 42948 | Shoals:3 | You add the spells Vhi's Electric Charge, Arcjolt and
                  | Plasma Beam to your library.
 42955 | Shoals:3 | Learned a level 6 spell: Plasma Beam
 42984 | Shoals:3 | You pick up a book of Air and begin reading...
 42984 | Shoals:3 | You add the spells Shock and Swiftness to your library.
 43092 | Shoals:3 | Reached skill level 1 in Fire Magic
 43317 | Shoals:3 | Found the +3 Elemental Staff {ele, rElec rF+ rC+ AC+3}
 43320 | Shoals:3 | Reached skill level 2 in Fire Magic
 43429 | Shoals:3 | Reached skill level 3 in Fire Magic
 43749 | Shoals:4 | Entered Level 4 of the Shoals
 44010 | Shoals:4 | Reached skill level 1 in Staves
 44038 | Shoals:4 | Identified the +2 leather armour "Deoloyfri" {Str+4 Dex+2
                  | Stlth+}
 44048 | Shoals:4 | Reached skill level 2 in Staves
 44281 | Shoals:4 | Reached skill level 3 in Staves
 44394 | Shoals:4 | Reached skill level 4 in Staves
 44638 | Shoals:4 | Reached skill level 5 in Staves
 44838 | Shoals:4 | Got a barnacled rune of Zot
 44863 | Shoals:4 | Reached skill level 6 in Staves
 45075 | Shoals:4 | You pick up a book of the Senses and begin reading...
 45075 | Shoals:4 | You add the spells Dazzling Flash, Agony and Silence to
                  | your library.
 45108 | Shoals:4 | Reached skill level 7 in Staves
 45173 | Shoals:4 | Identified the +9 eveningstar of the Shoals {flame, rC- rN+
                  | Str+6 Dex-5}
 45648 | Vaults:1 | Entered Level 1 of the Vaults
 45669 | Vaults:1 | You pick up a book of Alchemy and begin reading...
 45669 | Vaults:1 | You add the spells Sublimation of Blood, Petrify and
                  | Irradiate to your library.
 45797 | Vaults:1 | Identified the +5 scale mail "Xugue" {rF+ MP+9}
 45912 | Vaults:1 | Found Gyjov's General Store.
 46069 | Vaults:1 | Reached skill level 8 in Staves
 46336 | Vaults:1 | Bought a scroll of blinking for 120 gold pieces
 46336 | Vaults:1 | Bought a scroll of blinking for 120 gold pieces
 46336 | Vaults:1 | Bought a potion of heal wounds for 80 gold pieces
 46949 | Vaults:1 | Bought a book of Spectacle for 768 gold pieces
 46949 | Vaults:1 | You pick up a book of Spectacle and begin reading...
 46949 | Vaults:1 | You add the spells Volatile Blastmotes, Starburst and
                  | Maxwell's Capacitive Coupling to your library.
 47007 | Vaults:1 | Reached skill level 9 in Staves
 47178 | Vaults:1 | Found Gyomid's Antique Armour Boutique.
 47245 | Vaults:1 | Found Veazxo Odasm's Jewellery Shop.
 47298 | Vaults:1 | Found Wiekh's Magic Scroll Shop.
 47309 | Vaults:1 | Bought a scroll of blinking for 120 gold pieces
 47309 | Vaults:1 | Bought a scroll of teleportation for 48 gold pieces
 47309 | Vaults:1 | Bought a scroll of teleportation for 48 gold pieces
 47309 | Vaults:1 | Bought a scroll of amnesia for 64 gold pieces
 47314 | Vaults:1 | Learned a level 2 spell: Sublimation of Blood
 47584 | Vaults:1 | Reached skill level 10 in Staves
 47745 | Vaults:1 | Reached XP level 19. HP: 177/177 MP: 17/36
 47746 | Vaults:1 | Reached skill level 11 in Air Magic
 47750 | Vaults:1 | Found Suheg's Weapon Emporium.
 48367 | Vaults:1 | Reached skill level 12 in Air Magic
 48411 | Vaults:1 | You pick up a book of Debilitation and begin reading...
 48411 | Vaults:1 | You add the spells Vampiric Draining and Confusing Touch to
                  | your library.
 48455 | Vaults:1 | Learned a level 8 spell: Maxwell's Capacitive Coupling
 48952 | Vaults:2 | Found Apluopne's Jewellery Boutique.
 49053 | Vaults:2 | Reached skill level 13 in Air Magic
 50075 | Vaults:2 | Reached skill level 14 in Air Magic
 50758 | Vaults:3 | Reached skill level 15 in Air Magic
 51763 | Vaults:3 | Reached skill level 16 in Air Magic
 51823 | Vaults:3 | Reached XP level 20. HP: 173/184 MP: 8/37
 52275 | Vaults:3 | Found a staircase to the Crypt.
 52369 | Vaults:4 | Identified the +9 morningstar of Distant Worlds {heavy,
                  | Will+ Int+2}
 52558 | Vaults:4 | Reached skill level 11 in Spellcasting
 53301 | Vaults:4 | Noticed Frederick
 53305 | Vaults:4 | Killed Frederick
 53386 | Vaults:4 | magus.rc [v1.9.6]
 53397 | Vaults:4 | Reached skill level 5 in Evocations
 53581 | Vaults:4 | Found Celosh's Antique Armour Emporium.
 53696 | Vaults:4 | Reached skill level 6 in Evocations
 54027 | Vaults:4 | Reached skill level 7 in Evocations
 54496 | Elf:1    | Entered Level 1 of the Elven Halls
 54516 | Elf:1    | Paralysed by an air elemental for 1 turns
 54533 | Elf:1    | Reached skill level 8 in Evocations
 54941 | Elf:1    | Noticed Kirke
 54954 | Elf:1    | Killed Kirke
 54955 | Elf:1    | Reached skill level 9 in Evocations
 55143 | Elf:1    | Found Fiw Umax's Distillery.
 55143 | Elf:1    | Found Xip Caal's Armour Shoppe.
 55246 | Elf:1    | Bought a potion of heal wounds for 50 gold pieces
 55584 | Elf:1    | Found Domuucif's Magic Scroll Boutique.
 55771 | Elf:1    | Reached skill level 10 in Evocations
 55831 | Elf:1    | Identified the Compilation of Battling
 55867 | Elf:1    | You add the spells Stone Arrow and Orb of Destruction to
                  | your library.
 56018 | Elf:1    | You pick up a book of Burglary and begin reading...
 56096 | Elf:2    | Noticed Norris
 56144 | Elf:2    | Found a magical portal.
 56174 | WizLab   | Entered The Roulette of Golubria
 56174 | WizLab   | Found a transporter.
 56177 | WizLab   | Identified the +0 cloak of the Foremost Ears {rPois Int-4
                  | Slay+6}
 56177 | WizLab   | Found a corrupted altar of Lugonu.
 56232 | WizLab   | Found a transporter.
 56235 | WizLab   | Identified the +2 cloak of the Big Bang {rElec Stlth+}
 56310 | WizLab   | Reached skill level 11 in Staves
 56334 | WizLab   | Found a transporter.
 56336 | WizLab   | Found a corrupted altar of Lugonu.
 56433 | WizLab   | Found a transporter.
 56631 | WizLab   | Found a transporter.
 56631 | WizLab   | Found a transporter.
 56825 | Elf:2    | Reached skill level 11 in Evocations
 56835 | Elf:2    | Found Cegi's Antique Weapon Shoppe.
 56902 | Elf:2    | Reached XP level 21. HP: 185/194 MP: 25/40
 56947 | Elf:2    | Paralysed by an air elemental for 1 turns
 57011 | Elf:2    | Reached skill level 5 in Stealth
 57075 | Elf:2    | Killed Norris
 57080 | Elf:2    | Reached skill level 6 in Stealth
 57425 | Elf:2    | Found a runed translucent door.
 57451 | Elf:2    | Found a runed translucent door.
 57518 | Elf:3    | Entered Level 3 of the Elven Halls
 57535 | Elf:3    | Reached skill level 7 in Stealth
 57724 | Elf:3    | Reached skill level 8 in Stealth
 57933 | Elf:3    | Found Upagacze's Assorted Antiques.
 57957 | Elf:3    | Reached skill level 9 in Stealth
 58362 | Elf:2    | Found an ancient bone altar of Kikubaaqudgha.
 58538 | Elf:3    | You add the spells Olgreb's Toxic Radiance and Ignition to
                  | your library.
 58551 | Elf:3    | Identified the +3 falchion "Rejun" {antimagic, Dex+4}
 58666 | Elf:3    | Reached skill level 10 in Stealth
 58848 | Elf:3    | Identified the amulet "Yhehiamm" {RegenMP rElec rF+ Dex+2}
 58878 | Elf:3    | Reached skill level 11 in Stealth
 59048 | Elf:3    | Identified the +6 hand axe of Innocence {spect, rPois rC+}
 59367 | Elf:3    | Reached skill level 12 in Stealth
 59476 | Elf:3    | Found the +3 pair of gauntlets of War {Slay+5}
 59477 | Elf:3    | Identified the +11 longbow of the Lesser Evil {freeze, rC+
                  | Int-2 Dex+9}
 59477 | Elf:3    | Identified the +7 orcbow "Noecrulown" {freeze, Str+4}
 59489 | Elf:3    | Identified the staff "Sarcophage" {rC+ Str+5 Ice}
 59668 | Elf:3    | Identified the staff "Q" {rElec rPois Str+3 Stlth+ Air}
 59670 | Elf:3    | You pick up a book of the Earth and begin reading...
 59670 | Elf:3    | You add the spells Lee's Rapid Deconstruction and Bombard
                  | to your library.
 59697 | Elf:3    | You pick up a book of Callings and begin reading...
 59890 | Elf:3    | Bought a coiled pewter ring for 180 gold pieces
 59890 | Elf:3    | Identified the ring "Siasti" {Wiz rElec rPois rF+} (You
                  | bought it in a shop on level 3 of the Elven Halls)
 60252 | Depths:1 | Entered Level 1 of the Depths
 60276 | Depths:1 | magus.rc [v1.9.6]
 60614 | Depths:1 | Reached skill level 12 in Spellcasting
 60677 | Depths:1 | Identified the +7 mace of Hegg {heavy, *Slow rC++ Dex+2}
 60769 | Depths:1 | Found the +9 scales of the Dragon King {rPois rF+ rC+
                  | Will+}
 60815 | Depths:1 | Found a gateway to Hell.
 61005 | Depths:1 | Paralysed by a sphinx for 5 turns
 61500 | Depths:1 | Identified the +5 spear of Dasun {distort, rPois rF- Str+9
                  | Int+2}
 61500 | Depths:1 | Identified the +10 dagger "Undertaker" {heavy, Dex+3}
 61540 | Depths:1 | Identified the amulet of Keleuddadgh {rElec rF- rN+++
                  | Regen+ Slay-5}
 61872 | Depths:1 | Reached XP level 22. HP: 171/192 MP: 33/41
 62172 | Depths:1 | Reached skill level 15 in Fighting
 62355 | Depths:2 | Found a one-way gate to the infinite horrors of the Abyss.
 62612 | Depths:2 | Reached skill level 13 in Spellcasting
 63012 | Depths:2 | Found Gacreqam's Armour Boutique.
 63122 | Depths:2 | Reached skill level 16 in Fighting
 63219 | Depths:2 | Found a one-way gate leading to the halls of Pandemonium.
 63840 | Depths:3 | Found Cianuf's Distillery.
 64077 | Depths:3 | Noticed Xtahua
 64084 | Depths:3 | Killed Xtahua
 64235 | Depths:3 | Found Heyrch's Book Shoppe.
 64235 | Depths:3 | Found Xuozew Qyi's Jewellery Shop.
 64236 | Depths:3 | Found Wuzif's Jewellery Shop.
 64250 | Depths:3 | Bought a book of Decay for 360 gold pieces
 64250 | Depths:3 | You pick up a book of Decay and begin reading...
 64250 | Depths:3 | You add the spells Dispel Undead and Death Channel to your
                  | library.
 64257 | Depths:3 | Learned a level 6 spell: Death Channel
 64377 | Depths:3 | Reached skill level 1 in Necromancy
 64380 | Depths:3 | Reached skill level 2 in Necromancy
 64857 | Depths:3 | Found a runed translucent door.
 64869 | Depths:3 | Found a runed translucent door.
 64934 | Depths:3 | Identified the +6 chain mail of Circular Logic {Str+3}
 64938 | Depths:3 | Reached skill level 5 in Necromancy
 65188 | Depths:4 | Entered Level 4 of the Depths
 65197 | Depths:4 | Reached skill level 6 in Necromancy
 65476 | Depths:4 | Found a one-way gateway to a ziggurat.
 65693 | Depths:4 | Reached skill level 7 in Necromancy
 66044 | Depths:4 | Reached skill level 12 in Shields
 66059 | Depths:4 | Reached skill level 14 in Dodging
 66631 | Depths:4 | Noticed a golden dragon
 66648 | Depths:4 | Killed a golden dragon
 66820 | Depths:4 | Reached XP level 23. HP: 215/219 MP: 33/45
 66872 | Depths:4 | +0 shadow dragon scales {rare}; a shadow dragon skeleton
 66902 | Depths:4 | Found a gate to the Realm of Zot.
 67586 | Vaults:5 | Entered Level 5 of the Vaults
 67590 | Vaults:5 | Reached skill level 13 in Shields
 67843 | Vaults:4 | Reached skill level 15 in Dodging
 68111 | Vaults:5 | Noticed an ancient lich
 68125 | Vaults:5 | Killed an ancient lich
 68126 | Vaults:5 | Reached skill level 14 in Shields
 68349 | Vaults:5 | +0 shadow dragon scales {rare}; a shadow dragon corpse
 68468 | Vaults:5 | +0 shadow dragon scales {rare}; a shadow dragon corpse
 68609 | Vaults:5 | Identified the +6 scimitar of the Poles {spect, rF+}
 68622 | Vaults:5 | Reached skill level 16 in Dodging
 68786 | Vaults:5 | Reached skill level 15 in Shields
 69371 | Vaults:5 | Noticed an ancient lich
 69644 | Vaults:4 | Killed an ancient lich
 69693 | Vaults:5 | Identified the Meditations on Injurious Malisons
 69701 | Vaults:5 | You add the spells Fireball and Spellforged Servitor to
                  | your library.
 69807 | Vaults:5 | Got a silver rune of Zot
 69885 | Vaults:5 | You add the spells Sting and Poisonous Vapours to your
                  | library.
 69892 | Vaults:5 | You pick up a book of Changes and begin reading...
 69901 | Vaults:5 | Learned a level 7 spell: Spellforged Servitor
 70007 | Vaults:5 | You pick up a book of Winter and begin reading...
 70010 | Vaults:5 | You add the spells Tukima's Dance, Passage of Golubria and
                  | Yara's Violent Unravelling to your library.
 70110 | Vaults:5 | Identified the +2 pair of gloves of Uzusm {Will+ Int+3}
 70169 | Vaults:5 | Identified the Precepts of Ensnaring Contamination
 70177 | Vaults:5 | You add the spells Fulminant Prism and Enfeeble to your
                  | library.
 70330 | Vaults:5 | You pick up a book of Unlife and begin reading...
 70330 | Vaults:5 | You add the spells Animate Dead and Borgnjor's Vile Clutch
                  | to your library.
 70467 | Vaults:5 | Learned a level 4 spell: Animate Dead
 70651 | Vaults:2 | Learned a level 4 spell: Passage of Golubria
 70651 | Vaults:2 | Upgraded the game from 0.31-a0-881-ge136f0c47a to
                  | 0.31-a0-889-g1a8549509d
 70651 | Vaults:2 | magus.rc [v1.9.6]
 70702 | Crypt:1  | Entered Level 1 of the Crypt
 70746 | Crypt:1  | Reached XP level 24. HP: 222/223 MP: 40/44
 70767 | Crypt:1  | Noticed a curse skull
 70777 | Crypt:1  | Killed a curse skull
 70778 | Crypt:1  | Reached skill level 6 in Conjurations
 71398 | Crypt:1  | Reached skill level 9 in Summonings
 71680 | Crypt:2  | magus.rc [v1.9.6]
 71697 | Crypt:2  | Reached skill level 7 in Conjurations
 71765 | Crypt:2  | Identified a scroll of acquirement
 71810 | Crypt:2  | Acquired 1211 gold pieces
 71892 | Crypt:2  | Reached skill level 8 in Conjurations
 71904 | Crypt:2  | Reached skill level 10 in Summonings
 72677 | Crypt:3  | Entered Level 3 of the Crypt
 72687 | Crypt:3  | Reached skill level 9 in Conjurations
 72991 | Crypt:3  | Reached skill level 11 in Summonings
 73054 | Crypt:3  | Identified the ring of Jenib {rElec EV+5 Dex+3}
 73054 | Crypt:3  | Identified the +10 scale mail of Fuics {rN++ Str-3 Dex+3
                  | Slay+3}
 73372 | Crypt:3  | Found a staircase to the Tomb.
 73525 | Crypt:3  | You pick up a book of Sloth and begin reading...
 73609 | Crypt:3  | Reached skill level 10 in Conjurations
 73623 | Crypt:3  | Noticed a curse skull
 73629 | Crypt:3  | Killed a curse skull
 73774 | Crypt:3  | Identified the +8 scale mail "Fexzo" {rF- rC+++ Str-4
                  | Dex+3}
 74225 | Crypt:3  | Found an ancient bone altar of Kikubaaqudgha.
 74226 | Crypt:3  | Noticed a dread lich
 74230 | Crypt:3  | Noticed an ancient lich
 74236 | Crypt:3  | Killed a dread lich
 74239 | Crypt:3  | Reached skill level 12 in Summonings
 74240 | Crypt:3  | Killed an ancient lich
 74421 | Crypt:3  | You pick up a book of Beasts and begin reading...
 74421 | Crypt:3  | You add the spells Summon Ice Beast, Summon Mana Viper and
                  | Monstrous Menagerie to your library.
 74424 | Crypt:3  | You pick up a book of Displacement and begin reading...
 74427 | Crypt:3  | You pick up a book of the Senses and begin reading...
 74693 | Crypt:2  | magus.rc [v1.9.6]
 75065 | Zot:1    | Entered Level 1 of the Realm of Zot
 75242 | Zot:1    | +0 shadow dragon scales {rare}; a shadow dragon corpse
 75405 | Zot:1    | +0 storm dragon scales {rare}; a storm dragon corpse
 75409 | Zot:1    | +0 storm dragon scales {rare}; a storm dragon corpse
 75417 | Zot:2    | Identified the "Yttiojin"
 75424 | Zot:2    | Reached skill level 16 in Shields
 75436 | Zot:2    | Noticed an orb of fire
 75443 | Zot:2    | Killed an orb of fire
 75487 | Zot:2    | Reached skill level 17 in Dodging
 75638 | Zot:2    | Reached XP level 25. HP: 243/243 MP: 41/47
 75807 | Zot:2    | Identified the +0 pair of boots "Asirr" {Str+2}
 75889 | Zot:3    | Reached skill level 17 in Fighting
 76144 | Zot:4    | Noticed an orb of fire
 76147 | Zot:4    | Gained mutation: Your muscles are strong. (Str +4, Int/Dex
                  | -1) [an orb of fire]
 76148 | Zot:4    | Gained mutation: You are dopey. (Int -2) [an orb of fire]
 76149 | Zot:4    | Killed an orb of fire
 76220 | Zot:5    | Entered Level 5 of the Realm of Zot
 76225 | Zot:5    | Noticed a Killer Klown
 76251 | Zot:4    | Identified +0 gold dragon scales
 76443 | Zot:4    | Killed a Killer Klown
 76549 | Zot:4    | Reached skill level 17 in Air Magic
 76966 | Zot:5    | Noticed a Killer Klown
 76974 | Zot:5    | a Killer Klown changed into a juggernaut
 76974 | Zot:5    | Noticed a juggernaut
 76976 | Zot:5    | Killed a juggernaut
 77227 | Zot:5    | Found a corrupted altar of Lugonu.
 77330 | Zot:5    | Noticed a Killer Klown
 77354 | Zot:5    | Killed a Killer Klown
 77442 | Zot:5    | Reached skill level 18 in Fighting
 77829 | Zot:4    | Reached skill level 18 in Air Magic
 78447 | Zot:5    | Noticed a Killer Klown
 78450 | Zot:5    | Killed a Killer Klown
 78453 | Zot:5    | Noticed a Killer Klown
 78454 | Zot:5    | Noticed a Killer Klown
 78455 | Zot:5    | Noticed an orb of fire
 78455 | Zot:5    | Noticed an orb of fire
 78457 | Zot:5    | Noticed an electric golem
 78457 | Zot:5    | Noticed a Killer Klown
 78460 | Zot:5    | Noticed a Killer Klown
 78461 | Zot:5    | Killed a Killer Klown
 78461 | Zot:5    | Noticed a Killer Klown
 78468 | Zot:5    | Killed an orb of fire
 78475 | Zot:5    | Killed an orb of fire
 78476 | Zot:5    | Reached skill level 19 in Air Magic
 78476 | Zot:5    | Noticed an ancient lich
 78480 | Zot:5    | Killed an ancient lich
 78490 | Zot:5    | Killed a Killer Klown
 78497 | Zot:5    | Killed a Killer Klown
 78498 | Zot:5    | Noticed a dread lich
 78748 | Zot:5    | Noticed a Killer Klown
 78756 | Zot:5    | Killed a Killer Klown
 78757 | Zot:5    | Reached skill level 14 in Spellcasting
 78762 | Zot:5    | Killed a Killer Klown
 78776 | Zot:4    | Killed a Killer Klown
 78858 | Zot:5    | Killed a dread lich
 78914 | Zot:5    | +0 storm dragon scales {rare}; a +12 spectral club {mace};
                  | a +11 club of freezing {mace}
 78919 | Zot:5    | Killed an electric golem
 78920 | Zot:5    | Reached XP level 26. HP: 257/257 MP: 43/48
 78980 | Zot:5    | Noticed an electric golem
 78987 | Zot:5    | Killed an electric golem
 79007 | Zot:5    | Reached skill level 15 in Spellcasting
 79130 | Zot:5    | Got the Orb of Zot
 79181 | Zot:5    | +0 storm dragon scales {rare}; a +12 spectral club {mace};
                  | a +11 club of freezing {mace}
 79821 | D:4      | Reached skill level 16 in Spellcasting
 79905 | D:$      | Escaped with the Orb!

Vanquished Creatures
  2 dread liches
  4 orbs of fire
  3 ancient liches
  A juggernaut (Zot:5)
  Frederick (Vaults:4)
  Xtahua (Depths:3)
  9 Killer Klowns
  4 golden dragons
  Norris (Elf:2)
  A bone dragon (Crypt:3)
  A Tzitzimitl (D:8)
  A Brimstone Fiend (D:4)
  Rupert (Spider:1)
  2 electric golems (Zot:5)
  15 tentacled monstrosities
  Jorgrun (Orc:2)
  An Ice Fiend (Depths:2)
  A shard shrike skeleton (Crypt:3)
  4 liches
  19 Orb Guardians
  A Hell Sentinel (D:10)
  6 sphinxes
  A deep elf blademaster (Elf:3)
  4 titans
  A kraken (Shoals:3)
  3 deep elf master archers (Elf:3)
  4 quicksilver dragons
  2 ancient champions (Crypt:2)
  Frances (Spider:1)
  2 death cobs
  Kirke (Elf:1)
  6 tengu reavers
  9 shadow dragons
  Ilsuiw (Shoals:2)
  7 storm dragons
  2 draconian monks (Zot:5)
  2 revenants
  6 draconian knights
  11 frost giants
  3 iron dragons
  13 deep elf sorcerers
  Louise (Spider:1)
  3 draconian scorchers
  3 emperor scorpions
  12 fire giants
  18 vault wardens
  A balrug (Depths:3)
  6 deep elf elementalists (Elf:3)
  3 draconian shifters
  2 curse skulls
  6 ghost moths
  8 ironbound preservers
  6 spectral caustic shrikes (Depths:2)
  5 ghouls (Crypt:2)
  4 spriggan defenders
  3 draconian annihilators
  A broodmother (Spider:3)
  18 very ugly things
  4 war gargoyles
  13 stone giants
  6 ironbound thunderhulks
  3 reapers
  3 vampire knights
  5 deep elf demonologists
  4 green draconians
  A black draconian (Zot:5)
  3 yellow draconians
  Azrael (D:14)
  4 purple draconians
  10 spark wasps
  3 dire elephants (Vaults:1)
  14 deep elf annihilators
  8 white draconians
  8 red draconians
  A green death (D:15)
  10 deep elf death magi
  6 fire dragons
  14 ettins
  4 jiangshi
  5 merfolk impalers
  A crystal guardian (Vaults:4)
  16 yaktaur captains
  A blizzard demon (D:4)
  2 nameless horrors
  7 entropy weavers
  7 great orbs of eyes
  10 deep elf high priests
  28 vault guards
  7 ice dragons
  A rakshasa (Depths:1)
  A hydra (D:14)
  4 spriggan air magi
  4 ogre magi
  A spriggan skeleton (Crypt:3)
  2 hell beasts
  A peacekeeper (Vaults:4)
  5 merfolk avatars
  2 merfolk aquamancers (Shoals:3)
  A ghost crab (Spider:4)
  2 catoblepae
  7 centaur warriors
  A radroach (Spider:2)
  9 ironbound frosthearts
  The ghost of Ijipin the Cleaver, a novice MiFi of Zin (Orc:1)
  5 death knights
  12 two-headed ogres
  8 death yaks
  6 boulder beetles
  3 jorogumos
  12 dancing weapons
  10 deep troll earth magi
  5 satyrs
  3 tengu warriors
  2 demonic crawlers
  A thrashing horror (WizLab)
  A titan zombie (Crypt:3)
  2 deep troll shamans
  An orc high priest (Orc:2)
  3 spriggan berserkers
  20 deep elf knights
  Sonja (Orc:2)
  10 hell knights
  2 shadow wraiths
  5 skysharks
  A sixfirhy (WizLab)
  2 pharaoh ants
  11 skeletal warriors
  A soul eater (Depths:1)
  15 deep trolls
  4 iron trolls
  6 orb spiders
  A sun moth (Spider:1)
  7 sea snakes
  A cherub (D:15)
  2 glowing orange brains
  20 deep elf archers
  20 ironbound convokers
  2 flayed ghosts
  An orange crystal statue (Depths:3)
  An obsidian statue (Zot:5)
  14 lindwurms
  7 wizards
  7 phantasmal warriors
  2 spriggan simulacra (Crypt:2)
  A tengu zombie (Vaults:3)
  18 harpies
  2 bunyip skeletons
  4 steelbarb worms
  11 necromancers
  37 deep elf pyromancers
  26 deep elf zephyrmancers
  5 orc knights
  10 wolf spiders
  6 orc sorcerers
  8 cyclopes
  3 elephants
  8 manticores
  16 fauns
  23 ugly things
  A manticore (shapeshifter) (Depths:3)
  7 moths of wrath
  A salamander (Depths:1)
  7 fire giant skeletons
  10 merfolk sirens
  6 vault sentinels
  A water nymph (shapeshifter) (Depths:3)
  A guardian serpent (Lair:5)
  4 water nymphs
  3 smoke demons
  A stone giant skeleton (Vaults:3)
  4 black mambas (Lair:5)
  2 centaur skeletons
  3 torpor snails
  A demonspawn skeleton (WizLab)
  3 gargoyles (Crypt:3)
  A storm dragon simulacrum (Crypt:2)
  9 cane toads
  An unseen horror (D:12)
  A rime drake (shapeshifter) (D:11)
  4 freezing wraiths
  22 yaktaurs
  A kobold demonologist (Elf:1)
  3 komodo dragons
  An unseen horror skeleton (Crypt:1)
  A rime drake (Lair:5)
  A tengu conjurer (Depths:2)
  A black draconian skeleton (Crypt:1)
  2 tyrant leeches
  16 merfolk
  7 trolls
  2 meliai (Lair:4)
  A wind drake (shapeshifter) (Vaults:5)
  2 polar bears
  2 hornets
  2 saltlings (Vaults:3)
  29 tarantellas
  A tarantella (shapeshifter) (Vaults:5)
  4 wind drakes
  A frost giant simulacrum (Vaults:2)
  2 dream sheep
  A blink frog (shapeshifter) (Depths:3)
  A harpy skeleton (Crypt:3)
  15 blink frogs
  22 slime creatures
  26 jumping spiders
  A jumping spider (shapeshifter) (Elf:1)
  4 fire dragon skeletons (Crypt:3)
  A spriggan (Depths:2)
  5 air elementals
  4 shadows
  A vampire (D:14)
  5 wraiths
  11 water elementals
  A black mamba zombie (Crypt:2)
  4 wyverns
  14 culicivoras
  An ushabti (Crypt:3)
  A human (shapeshifter) (Depths:3)
  A hog (Elf:1)
  A basilisk (Lair:3)
  39 redbacks
  12 yaks
  6 fire elementals
  A chaos spawn (Depths:1)
  2 steam dragons
  10 vampire mosquitoes
  A naga zombie (Crypt:1)
  A spatial vortex (WizLab)
  4 wargs
  A demonspawn zombie (Crypt:2)
  11 water moccasins
  A large abomination (WizLab)
  2 hell hounds
  A floating eye (Depths:4)
  7 orc warriors
  A boggart (Elf:1)
  10 ogres
  3 wolves
  An elephant skeleton (Crypt:2)
  6 centaurs
  A phantom (D:5)
  A snapping turtle skeleton (Crypt:1)
  2 kobold brigands (D:14)
  2 earth elementals
  11 bullfrogs
  2 scorpions
  A necrophage (Crypt:2)
  A human simulacrum (Vaults:2)
  7 killer bees (Lair:4)
  10 howler monkeys
  6 electric eels
  A human zombie (Crypt:1)
  7 orc priests
  2 hell rats
  6 orc wizards
  A killer bee zombie (Crypt:2)
  2 naga skeletons
  4 mummies (Crypt:3)
  A river rat (D:11)
  A swamp drake zombie (Crypt:2)
  An adder (D:3)
  A shadow imp (D:4)
  A white imp (D:7)
  A dart slug (D:2)
  38 orcs
  3 ball pythons
  4 endoplasms
  3 giant cockroaches
  8 goblins
  6 hobgoblins
  4 kobolds
  6 quokkas
  6 bats
  3 rats (D:2)
  A spectral hobgoblin (D:1)
  4 tentacles (Shoals:3)
1496 creatures vanquished.

Vanquished Creatures (collateral kills)
  An ancient lich (Vaults:5)
  A tentacled monstrosity (Zot:2)
  10 Orb Guardians (Zot:5)
  4 sphinxes
  An ancient champion (Crypt:2)
  3 death cobs
  Polyphemus (Shoals:2)
  Gastronok (Lair:3)
  5 shadow dragons
  Donald (Spider:1)
  Aizul (Shoals:1)
  2 tengu reavers
  2 storm dragons
  2 draconian monks
  2 frost giants
  5 vault wardens
  2 fire giants
  2 emperor scorpions
  2 ghouls
  A very ugly thing (Vaults:1)
  An ironbound preserver (Vaults:2)
  A war gargoyle (Crypt:3)
  3 vampire knights
  2 green draconians
  3 ironbound thunderhulks
  A formless jellyfish (Vaults:1)
  2 black draconians
  A deep elf annihilator (Elf:1)
  2 dire elephants (Vaults:1)
  A yellow draconian (Zot:1)
  4 purple draconians
  4 red draconians
  2 minotaurs (Shoals:4)
  A white draconian (Zot:3)
  5 eidola
  2 spark wasps
  Josephine (Spider:1)
  A deep elf death mage (Vaults:5)
  A deep elf high priest (Elf:3)
  4 jiangshi (Crypt:2)
  4 entropy weavers
  2 fire dragons
  2 merfolk impalers
  A spriggan zombie (Crypt:3)
  A great orb of eyes (Vaults:5)
  A hydra (Lair:3)
  Harold (Lair:1)
  An entropy weaver (shapeshifter) (D:15)
  2 vault guards (Vaults:2)
  A fenstrider witch zombie (Crypt:1)
  An ogre mage (D:15)
  2 centaur warriors
  2 ironbound frosthearts
  6 boulder beetles
  3 satyrs (Shoals:4)
  2 radroaches (Spider:1)
  2 deep troll shamans (Depths:4)
  6 death yaks
  2 two-headed ogres
  A deep troll earth mage (Depths:4)
  The ghost of Lide the Grappler, a journeyman VSSh (Lair:1)
  2 tengu warriors (D:15)
  A demonic crawler (Spider:3)
  2 orc high priests (Orc:2)
  3 vampire magi
  6 hell knights (Depths:4)
  A fire crab (Lair:3)
  6 skysharks
  A titan skeleton (Crypt:2)
  23 skeletal warriors
  4 lindwurms
  6 deep trolls
  An anaconda zombie (Crypt:1)
  A deep elf archer (Elf:1)
  2 steelbarb worms
  A bog body (Crypt:2)
  An anaconda skeleton (Crypt:3)
  2 bunyip skeletons (Crypt:3)
  6 harpies
  3 ironbound convokers (Vaults:2)
  4 deep elf zephyrmancers (Elf:1)
  4 necromancers
  2 deep elf pyromancers (Elf:1)
  A tengu skeleton (Crypt:3)
  2 orc sorcerers
  2 fauns (Shoals:4)
  3 wolf spiders
  13 moths of wrath
  5 manticores
  2 ugly things (Vaults:1)
  2 iron dragon skeletons (Crypt:3)
  2 cyclopes
  A merfolk siren (Shoals:3)
  5 fire giant skeletons (Crypt:3)
  4 black mambas
  5 elephants
  7 cane toads
  A titan simulacrum (Crypt:1)
  A gargoyle (Crypt:3)
  3 vault sentinels
  A human zombie (Vaults:3)
  A water nymph (Shoals:3)
  A grey draconian zombie (Crypt:1)
  3 torpor snails
  A rime drake (shapeshifter) (D:11)
  3 freezing wraiths
  4 yaktaurs
  A red devil (Depths:1)
  A komodo dragon (Lair:5)
  A queen bee (Lair:4)
  A guardian mummy (Crypt:3)
  5 merfolk
  2 harpy skeletons
  An iron troll skeleton (Crypt:1)
  2 meliai
  4 tyrant leeches
  13 tarantellas
  A guardian serpent zombie (Crypt:1)
  2 harpy zombies
  5 hornets (Lair:5)
  5 blink frogs
  2 dream sheep
  13 jumping spiders
  4 snapping turtles
  3 culicivoras
  9 slime creatures
  2 ettin skeletons
  A fire dragon skeleton (Crypt:3)
  2 hogs (Elf:1)
  5 shadows (Crypt:3)
  A black mamba skeleton (Crypt:1)
  A black mamba zombie (Crypt:2)
  7 wraiths
  16 yaks
  A water elemental (Shoals:3)
  2 basilisks
  5 wyverns
  11 redbacks
  9 vampire mosquitoes
  A warg (Orc:1)
  A harpy simulacrum (Crypt:1)
  3 hell hounds (D:14)
  6 water moccasins
  A black bear (D:5)
  A sky beast (D:7)
  9 orc warriors
  A hornet zombie (Crypt:2)
  9 wolves
  3 centaurs
  5 ogres
  A phantom (D:5)
  A kobold brigand (D:14)
  4 bullfrogs
  A necrophage (Crypt:2)
  A yaktaur skeleton (Crypt:2)
  3 jellies
  7 killer bees (Lair:4)
  3 howler monkeys
  9 orc priests
  A sleepcap (D:5)
  2 iguanas
  11 orc wizards
  3 hell rats (Lair:5)
  2 naga skeletons
  3 adders
  A river rat (D:11)
  A white imp (D:6)
  A worm (D:4)
  A dart slug (D:5)
  38 orcs
  A kobold (D:4)
  A quokka (D:5)
  A ball python (D:2)
  A jackal zombie (Crypt:2)
  7 ball lightnings
  A butterfly (Lair:2)
574 creatures vanquished.

Vanquished Creatures (others)
  A vault warden (Vaults:2)
  2 Killer Klown zombies (Zot:5)
  A yaktaur captain (Vaults:2)
  A great orb of eyes (Vaults:2)
  A hydra (Lair:2)
  A radroach (Spider:4)
  A two-headed ogre (D:8)
  A boulder beetle (Spider:1)
  4 Orb Guardian zombies (Zot:5)
  10 death yaks
  2 skysharks (Lair:2)
  2 deep elf knights (Elf:3)
  A storm dragon zombie (Zot:5)
  A deep elf zephyrmancer (Elf:1)
  2 deep elf pyromancers
  2 manticores (D:12)
  A wolf spider (Spider:3)
  An elephant (Lair:5)
  A cane toad (Lair:5)
  2 torpor snails (Lair:5)
  2 rime drakes
  2 yaktaurs
  3 hornets (Lair:5)
  A tyrant leech (Lair:5)
  3 blink frogs
  A snapping turtle (Shoals:4)
  A moth of wrath zombie (Zot:5)
  A shadow (D:9)
  2 culicivoras
  4 wraiths
  3 wyverns
  A human (Elf:1)
  A basilisk (Lair:3)
  A vampire mosquito (D:12)
  11 yaks
  2 redbacks (Spider:4)
  A steam dragon (D:6)
  An ice beast (D:7)
  2 orc warriors
  2 water moccasins
  4 centaurs (D:12)
  An ogre (D:6)
  A bullfrog (Lair:1)
  15 wights
  6 killer bees (Lair:4)
  Crazy Yiuf (D:2)
  An orc priest (Orc:2)
  A gnoll bouda (D:7)
  5 gnolls (D:7)
  2 white imps
  3 orcs
  269 ball lightnings
  2 lurking horrors (Zot:5)
  4 tentacles (Shoals:3)
398 creatures vanquished.

Grand Total: 2468 creatures vanquished

Table legend:
 A = Non-vault XP
 B = Vault XP
 C = Vault XP percentage of total XP
 D = Non-vault monster count
 E = Vault monster count
 F = Vault count percentage of total count
                 A         B        C        D         E       F
            +---------+---------+-------+---------+---------+-------
      Total |  724684 |  616582 |  46.0 |    1368 |     786 |  36.5
            +---------+---------+-------+---------+---------+-------
        D:1 |       7 |       1 |  12.5 |       4 |       1 |  20.0
        D:2 |      33 |      61 |  64.9 |      19 |       5 |  20.8
        D:3 |      48 |       0 |   0.0 |      17 |       0 |   0.0
        D:4 |      80 |       0 |   0.0 |      16 |       0 |   0.0
        D:5 |     724 |       0 |   0.0 |      22 |       0 |   0.0
        D:6 |     724 |       0 |   0.0 |      12 |       0 |   0.0
        D:7 |    1564 |       0 |   0.0 |      31 |       0 |   0.0
        D:8 |    1375 |       0 |   0.0 |      10 |       0 |   0.0
        D:9 |    2440 |       0 |   0.0 |      17 |       0 |   0.0
       D:10 |    1396 |       0 |   0.0 |      18 |       0 |   0.0
       D:11 |    1148 |    2503 |  68.6 |      13 |       6 |  31.6
       D:12 |    7766 |     255 |   3.2 |      31 |      17 |  35.4
       D:13 |    6381 |       0 |   0.0 |      14 |       0 |   0.0
       D:14 |    8386 |    7217 |  46.3 |      16 |      20 |  55.6
       D:15 |   22138 |    2711 |  10.9 |      45 |       3 |   6.2
     Lair:1 |    7549 |    2613 |  25.7 |      17 |       9 |  34.6
     Lair:2 |    9238 |     377 |   3.9 |      31 |       2 |   6.1
     Lair:3 |    9810 |    6857 |  41.1 |      31 |      18 |  36.7
     Lair:4 |   12165 |    2443 |  16.7 |      24 |      24 |  50.0
     Lair:5 |   11432 |   16518 |  59.1 |      40 |      53 |  57.0
   Shoals:1 |   18982 |    7066 |  27.1 |      37 |      10 |  21.3
   Shoals:2 |    3800 |    7734 |  67.1 |       7 |       8 |  53.3
   Shoals:3 |   20804 |       0 |   0.0 |      36 |       0 |   0.0
   Shoals:4 |   12816 |   20123 |  61.1 |      29 |      27 |  48.2
   Spider:1 |   16944 |    7846 |  31.6 |      39 |       9 |  18.8
   Spider:2 |   17481 |       0 |   0.0 |      42 |       0 |   0.0
   Spider:3 |   12695 |    3468 |  21.5 |      33 |      15 |  31.2
   Spider:4 |   16996 |   17949 |  51.4 |      42 |      46 |  52.3
      Orc:1 |    3451 |     931 |  21.2 |      20 |       2 |   9.1
      Orc:2 |    2156 |   10643 |  83.2 |      33 |      27 |  45.0
      Elf:1 |   26159 |   16825 |  39.1 |      41 |      28 |  40.6
      Elf:2 |   20659 |    8661 |  29.5 |      32 |       9 |  22.0
      Elf:3 |   22642 |   50839 |  69.2 |      40 |      47 |  54.0
   Vaults:1 |   22688 |   21640 |  48.8 |      37 |      28 |  43.1
   Vaults:2 |   18128 |   26558 |  59.4 |      26 |      35 |  57.4
   Vaults:3 |   24588 |   17666 |  41.8 |      45 |      22 |  32.8
   Vaults:4 |   30890 |   25116 |  44.8 |      39 |      18 |  31.6
   Vaults:5 |   18581 |  101815 |  84.6 |      27 |      93 |  77.5
    Crypt:1 |   25846 |       0 |   0.0 |      45 |       0 |   0.0
    Crypt:2 |   40800 |    3898 |   8.7 |      58 |       4 |   6.5
    Crypt:3 |       0 |   54341 | 100.0 |       0 |      75 | 100.0
   Depths:1 |   19919 |   25481 |  56.1 |      25 |      26 |  51.0
   Depths:2 |   22728 |   13491 |  37.2 |      29 |      14 |  32.6
   Depths:3 |   16346 |   25613 |  61.0 |      18 |      25 |  58.1
   Depths:4 |   41828 |   13248 |  24.1 |      49 |      11 |  18.3
      Zot:1 |   17637 |       0 |   0.0 |      16 |       0 |   0.0
      Zot:2 |   27538 |       0 |   0.0 |      19 |       0 |   0.0
      Zot:3 |   11243 |       0 |   0.0 |      11 |       0 |   0.0
      Zot:4 |   46740 |    3872 |   7.7 |      34 |       2 |   5.6
      Zot:5 |   39195 |   84648 |  68.4 |      31 |      37 |  54.4
     WizLab |       0 |    5554 | 100.0 |       0 |      10 | 100.0
            +---------+---------+-------+---------+---------+-------

Skill      XL: |  1  2  3  4  5  6  7  8  9 10 11 12 13 14 15 16 17 18 19 20 21 22 23 24 25 26 |
---------------+-------------------------------------------------------------------------------+-----
Summonings     | 2 3 5 7 8 12 | 12.1
Conjurations   | 2 5 10 | 10.8
Hexes          | 2 3 |  3.0
Fighting       | 3 6 9 11 12 14 16 18 | 18.4
Spellcasting   | 4 6 8 10 11 12 13 14 16 | 16.0
Dodging        | 4 6 9 11 12 13 14 16 17 | 17.3
Stealth        | 4 12 | 12.3
Air Magic      | 4 5 7 10 16 19 | 19.5
Evocations     | 4 11 | 11.0
Shapeshifting  | 5 10 | 10.0
Short Blades   | 4 10 12 | 12.6
Poison Magic   | 1 |  1.2
Shields        | 3 11 12 15 16 | 16.5
Ice Magic      | 5 |  5.9
Fire Magic     | 3 |  3.8
Staves         | 10 11 | 11.0
Necromancy     | 7 |  7.7
Translocations | |  1.0

Action                     |  1- 3 |  4- 6 |  7- 9 | 10-12 | 13-15 | 16-18 | 19-21 | 22-24 | 25-27 || total
---------------------------+-------+-------+-------+-------+-------+-------+-------+-------+-------++-------
  Melee: Dagger            |    19 |    40 |       |       |       |       |       |       |       ||    59
         Tailslap          |     2 |    10 |     6 |    34 |   194 |   208 |   191 |   211 |    34 ||   890
         Punch             |     1 |     1 |       |     3 |    10 |       |       |       |       ||    15
         Quarterstaff      |       |     1 |    61 |    88 |       |       |       |       |       ||   150
         Rapier            |       |       |       |   127 |   839 |   780 |       |       |       ||  1746
         Maw               |       |       |       |    43 |   366 |   365 |   360 |   303 |    49 ||  1486
         Staff             |       |       |       |       |       |   107 |   778 |   668 |   114 ||  1667
   Cast: Magic Dart        |   118 |    30 |    12 |     6 |       |       |       |       |       ||   166
         Call Imp          |     3 |    16 |     1 |     1 |       |       |       |       |       ||    21
         Call Canine Famil |       |    15 |    28 |    29 |    57 |    56 |    25 |     1 |       ||   211
         Summon Guardian G |       |     4 |    47 |    54 |    52 |    39 |    12 |     1 |       ||   209
         Summon Lightning  |       |       |       |    35 |   119 |   135 |    51 |     2 |     1 ||   343
         Airstrike         |       |       |       |       |    18 |    71 |   139 |    65 |       ||   293
         Conjure Ball Ligh |       |       |       |       |    47 |    63 |       |       |       ||   110
         Mephitic Cloud    |       |       |       |       |     3 |       |       |       |       ||     3
         Freezing Cloud    |       |       |       |       |       |   141 |   133 |    36 |    14 ||   324
         Plasma Beam       |       |       |       |       |       |    15 |   130 |   231 |    35 ||   411
         Sublimation of Bl |       |       |       |       |       |       |     9 |     1 |       ||    10
         Blink             |       |       |       |       |       |       |     1 |       |       ||     1
         Death Channel     |       |       |       |       |       |       |       |     5 |     2 ||     7
         Maxwell's Capacit |       |       |       |       |       |       |       |    18 |    50 ||    68
         Spellforged Servi |       |       |       |       |       |       |       |    56 |    34 ||    90
         Animate Dead      |       |       |       |       |       |       |       |       |     2 ||     2
 Invoke: Curse Item        |       |       |     3 |     4 |     4 |     2 |     3 |     4 |       ||    20
         Shatter the Chain |       |       |       |     2 |       |     3 |     5 |     1 |       ||    11
Ability: Breathe Frost     |       |       |     6 |     2 |     3 |     4 |     3 |       |       ||    18
  Evoke: Wand              |       |       |       |    10 |     5 |    12 |    10 |     5 |       ||    42
         Lightning rod     |       |       |       |       |       |     4 |     9 |     4 |     3 ||    20
         Tin of tremorston |       |       |       |       |       |       |     4 |     3 |     2 ||     9
         Sack of spiders   |       |       |       |       |       |       |     2 |       |     1 ||     3
         Phial of floods   |       |       |       |       |       |       |     2 |       |     1 ||     3
    Use: Potion            |     1 |       |       |     1 |       |     5 |     2 |     4 |     7 ||    20
         Scroll            |     1 |     8 |       |     1 |     1 |     8 |     3 |    11 |     4 ||    37
   Stab: Sleeping          |       |     1 |       |     2 |     5 |       |    11 |     3 |       ||    22
         Distracted        |       |       |     2 |     4 |    13 |    17 |     5 |    10 |     4 ||    55
         Betrayed ally     |       |       |       |       |     1 |       |       |       |       ||     1
         Confused          |       |       |       |       |     2 |       |       |       |       ||     2
         Petrifying        |       |       |       |       |       |     2 |       |       |       ||     2
         Petrified         |       |       |       |       |       |     1 |       |       |       ||     1
 Armour: Skin              |    21 |    34 |    80 |   134 |   408 |   540 |   452 |   474 |   111 ||  2254
  Dodge: Dodged            |    21 |    23 |    47 |   140 |   414 |   521 |   408 |   451 |    93 ||  2118
  Block: Buckler           |       |       |       |       |    13 |   135 |       |       |       ||   148
         Kite shield       |       |       |       |       |       |   240 |   551 |   574 |   105 ||  1470
         Reflection        |       |       |       |       |       |    47 |   100 |    19 |     8 ||   174
   Form: Maw               |       |       |       |     1 |       |       |       |       |       ||     1

Illustrated notes

Table legend:
 A = Kills in this place as a percentage of kills in the entire game.
 B = Kills by you in this place as a percentage of kills by you in the entire game.
 C = Kills by friends in this place as a percentage of kills by friends in the entire game.
 D = Other kills in this place as a percentage of other kills in the entire game.
 E = Experience gained in this place as a percentage of experience gained in the entire game.
 F = Experience gained in this place divided by the number of levels of this place that you have seen.
                   A       B       C       D       E      F
               +-------+-------+-------+-------+-------+----------------------
         Total | 100.0 | 100.0 | 100.0 | 100.0 | 100.0 | 26665.2
       Dungeon |  15.9 |  12.6 |  17.8 |  50.4 |   5.7 | 5209.3
          Lair |  11.5 |   7.1 |  18.9 |  32.7 |   5.8 | 15800.4
        Shoals |   7.1 |   7.9 |   6.4 |   0.9 |   6.7 | 22831.2
   Spider Nest |  10.4 |  10.0 |  12.0 |   8.0 |   6.9 | 23344.8
  Orcish Mines |   3.8 |   3.2 |   6.0 |   0.9 |   1.3 | 8590.5
   Elven Halls |   9.1 |  12.2 |   2.1 |   3.5 |  10.7 | 48595.0
        Vaults |  17.1 |  21.1 |   9.2 |   3.5 |  22.6 | 61534.0
         Crypt |   8.4 |   6.0 |  16.3 |   0.0 |   9.2 | 41628.3
        Depths |   9.3 |  12.5 |   2.8 |   0.0 |  13.6 | 46087.8
           Zot |   7.0 |   6.9 |   8.5 |   0.0 |  17.1 | 46530.8
        Wizlab |   0.5 |   0.7 |   0.0 |   0.0 |   0.4 | 5554.0
               +-------+-------+-------+-------+-------+----------------------

Table legend: (Time is in decaauts)
 A = Elapsed time spent in this place.
 B = Non-inter-level travel time spent in this place.
 C = Inter-level travel time spent in this place.
 D = Time resting spent in this place.
 E = Time spent auto-exploring this place.
 F = Levels seen in this place.
 G = Mean time per level.
                   A        B        C        D        E       F      G
               +--------+--------+--------+--------+--------+-----+--------+
         Total |  79139 |  72973 |   6166 |  18051 |  39386 |  51 | 1551.7 |
       Dungeon |  20681 |  18117 |   2564 |   3373 |  11004 |  15 | 1378.7 |
          Lair |   9516 |   8973 |    543 |   2178 |   5051 |   5 | 1903.2 |
        Shoals |   6437 |   6073 |    364 |   1864 |   3051 |   4 | 1609.2 |
   Spider Nest |   7479 |   7110 |    369 |   2306 |   3323 |   4 | 1869.8 |
  Orcish Mines |   2976 |   2672 |    304 |    843 |   1310 |   2 | 1488.0 |
   Elven Halls |   4698 |   4461 |    237 |    782 |   2356 |   3 | 1566.0 |
        Vaults |  11365 |  10670 |    695 |   2439 |   5915 |   5 | 2273.0 |
         Crypt |   3995 |   3841 |    154 |    543 |   2505 |   3 | 1331.7 |
        Depths |   7297 |   6720 |    577 |   2047 |   3515 |   4 | 1824.2 |
           Zot |   4220 |   3866 |    354 |   1575 |   1160 |   5 |  844.0 |
        Wizlab |    469 |    469 |      0 |    100 |    192 |   1 |  469.0 |
               +--------+--------+--------+--------+--------+-----+--------+

Top non-repeatable levels by time:
  Lair:5: 2912 daAuts
Vaults:4: 2733 daAuts
Spider:1: 2608 daAuts
Vaults:1: 2604 daAuts
Depths:1: 2504 daAuts
   Elf:3: 2367 daAuts
Depths:3: 2361 daAuts
    D:14: 2222 daAuts
Shoals:1: 2210 daAuts
  Lair:3: 2182 daAuts
    D:15: 2175 daAuts
Vaults:5: 2118 daAuts
   Zot:4: 1993 daAuts
 Crypt:3: 1991 daAuts
Vaults:2: 1960 daAuts
